 Dungeon Crawl Stone Soup version 0.24-a0-275-g6f7e2cb4ba (webtiles) character file.

Game seed: 8930377833748632519

1390564 JellyEater the Archmage (level 27, -7/218 HPs)
             Began as a Gargoyle Earth Elementalist on Apr 27, 2019.
             Was the Champion of Vehumet.
             Killed from afar by a Brimstone Fiend (49 damage)
             ... with damnation
             ... on level 18 of a ziggurat on Apr 28, 2019.
             The game lasted 10:01:14 (94792 turns).

JellyEater the Archmage (GrEE)                     Turns: 94792, Time: 10:01:14

Health: -7/218     AC: 37    Str: 21    XL:     27
Magic:  45/54      EV: 28    Int: 43    God:    Vehumet [******]
Gold:   7956       SH: 16    Dex: 10    Spells: 4/80 levels left

rFire    + + +     SeeInvis +   N - staff of fire
rCold    + . .     Gourm    .   U - +7 buckler of Weightlessness {rC+ Int+4 Dex-2}
rNeg     + + .     Faith    .   C - +2 robe {Archmagi}
rPois    ∞         Spirit   .   (helmet restricted)
rElec    +         Reflect  .   M - +2 cloak {+Inv}
rCorr    .         Harm     .   L - +1 pair of gloves of Foolhardiness {*Drain rElec Str+6 Stlth+}
MR       +++++     Clarity  +   y - +3 pair of boots of Bynoma {*Contam rF+ Int+3 Slay+3}
Stlth    +++++.....             S - macabre finger necklace {rN+}
HPRegen  0.86/turn              T - ring "Cupleb" {Wiz MR+ Int+4}
MPRegen  0.34/turn              k - ring of Wihanenn {rF+++ MR+ SInv Stlth-}
                                q - ring "Huestibb" {*Drain MR+ Int+6 Dex+4}

@: flying, slightly contaminated, invisible
A: antennae 1, big wings, repulsion field 1, blink, clarity, clumsy 1, negative
energy resistance 1, regeneration 1, robust 1, screaming 1, electricity
resistance, unbreathing, petrification resistance, rot immunity, AC +20
}: 4/15 runes: serpentine, barnacled, slimy, silver
a: Stop Flying, Blink, Renounce Religion


You were on level 18 of a ziggurat.
You worshipped Vehumet.
Vehumet was exalted by your worship.
You were not hungry.

You visited 12 branches of the dungeon, and saw 54 of its levels.
You visited the Abyss 1 time.
You visited 4 ziggurats (completing 3), and saw 99 of their levels.
You also visited: Gauntlet, Ice Cave and Volcano.

You collected 12239 gold pieces.
You spent 4283 gold pieces at shops.

Inventory:

Hand Weapons
 r - a +5 eudemon blade of holy wrath
 J - the +18 lance "Wyrmbane" {slay drac, rPois rF+ rC+ AC+3}
   (You took it off a deep elf elementalist on level 3 of the Elven Halls)

   It affects your AC (+3).
   It protects you from fire.
   It protects you from cold.
   It protects you from poison.
Missiles
 D - 105 javelins of penetration (quivered)
 H - 15 throwing nets
Armour
 t - a +2 helmet of see invisible
 y - the +3 pair of boots of Bynoma (worn) {*Contam rF+ Int+3 Slay+3}
   (You found it on level 24 of a ziggurat)

   It affects your intelligence (+3).
   It affects your accuracy and damage with ranged weapons and melee attacks
   (+3).
   It protects you from fire.
   It causes magical contamination when unequipped.
 C - a +2 robe of the Archmagi (worn)
 L - the +1 pair of gloves of Foolhardiness (worn) {*Drain rElec Str+6 Stlth+}
   (You found it on level 3 of the Elven Halls)

   It affects your strength (+6).
   It insulates you from electricity.
   It causes draining when unequipped.
   It makes you more stealthy.
 M - a +2 cloak of invisibility (worn)
 U - the +7 buckler of Weightlessness (worn) {rC+ Int+4 Dex-2}
   (You took it off a deep elf annihilator on level 3 of the Elven Halls)

   It affects your intelligence (+4).
   It affects your dexterity (-2).
   It protects you from cold.
Magical Staves
 p - an uncursed staff of cold
 N - an uncursed staff of fire (weapon)
Jewellery
 k - the ring of Wihanenn (right hand) {rF+++ MR+ SInv Stlth-}
   (You bought it in a shop on level 2 of the Depths)

   [ring of attention]

   It renders you almost immune to fire.
   It affects your resistance to hostile enchantments.
   It lets you see invisible.
   It makes you less stealthy.
 q - the ring "Huestibb" (on amulet) {*Drain MR+ Int+6 Dex+4}
   (You bought it in a shop on level 2 of the Orcish Mines)

   [ring of dexterity]

   It affects your intelligence (+6).
   It affects your dexterity (+4).
   It affects your resistance to hostile enchantments.
   It causes draining when unequipped.
 S - the macabre finger necklace (around neck) {rN+}
   (You took it off a deep elf master archer on level 3 of the Elven Halls)

   [amulet of nothing]

   It protects you from negative energy.
 T - the ring "Cupleb" (left hand) {Wiz MR+ Int+4}
   (You found it on level 24 of a ziggurat)

   [ring of wizardry]

   It improves your spell success rate.
   It affects your intelligence (+4).
   It affects your resistance to hostile enchantments.
Wands
 h - a wand of clouds (3)
 n - a wand of acid (23)
 O - a wand of scattershot (10)
Scrolls
 a - 16 scrolls of amnesia
 c - 4 scrolls of summoning
 e - 84 scrolls of teleportation
 i - 5 scrolls of magic mapping
 m - 57 scrolls of remove curse
 s - a scroll of fear
 F - 18 scrolls of holy word
 G - 56 scrolls of fog
 X - 14 scrolls of blinking
 Z - 6 scrolls of identify
Potions
 f - 4 potions of agility
 g - 4 potions of heal wounds
 j - 23 potions of curing
 l - a potion of magic
 o - a potion of ambrosia
 u - 3 potions of berserk rage
 v - 4 potions of brilliance
 w - 47 potions of mutation
 x - 4 potions of resistance
 B - 3 potions of cancellation
 E - 10 potions of might
 I - 3 potions of invisibility
 K - 6 potions of haste
Miscellaneous
 Q - 28 boxes of beasts
 W - 25 phantom mirrors
Comestibles
 d - 82 rations


   Skills:
 O Level 27 Fighting
   Level 12.0 Maces & Flails
 - Level 12.0 Polearms
 - Level 15.0 Throwing
 - Level 15.1 Armour
 O Level 27 Dodging
 - Level 13.5 Stealth
 + Level 21.4 Shields
 O Level 27 Spellcasting
 O Level 27 Conjurations
 O Level 27 Hexes
 - Level 25.0 Necromancy
 - Level 15.0 Translocations
 - Level 0.7 Transmutations
 O Level 27 Fire Magic
 O Level 27 Ice Magic
 O Level 27 Earth Magic
 + Level 18.3 Evocations


You had 4 spell levels left.
You knew the following spells:

 Your Spells              Type           Power        Failure   Level  Hunger
a - Discord               Hex            #########.   1%          8    None
c - Lee's Rapid Deconstr  Erth           #########.   0%          5    None
d - Iron Shot             Conj/Erth      #########.   0%          6    None
e - Controlled Blink      Tloc           N/A          1%          8    None
f - Bolt of Fire          Conj/Fire      #########.   0%          6    None
g - Glaciate              Conj/Ice       #########.   1%          9    None
h - Ignition              Fire           #########.   1%          8    None
i - Shatter               Erth           #########.   1%          9    None
j - Fire Storm            Conj/Fire      #########.   1%          9    None
k - Necromutation         Tmut/Necr      ########..   3%          8    None

Your spell library contained the following spells:

 Spells                   Type           Power        Failure   Level  Hunger
 Lehudib's Crystal Spear  Conj/Erth      #########.   1%          8    None
 Animate Skeleton         Necr           N/A          0%          1    None
 Apportation              Tloc           ######       0%          1    None
 Confusing Touch          Hex            ######       0%          1    None
 Corona                   Hex            #######      0%          1    None
 Flame Tongue             Conj/Fire      #####        0%          1    None
 Freeze                   Ice            ####         0%          1    None
 Magic Dart               Conj           ####         0%          1    None
 Pain                     Necr           ####         0%          1    None
 Sandblast                Erth           ######       0%          1    None
 Shock                    Conj/Air       ####         0%          1    None
 Sting                    Conj/Pois      ####         0%          1    None
 Blink                    Tloc           N/A          0%          2    None
 Corpse Rot               Necr           N/A          0%          2    None
 Ensorcelled Hibernation  Hex/Ice        ######       0%          2    None
 Passwall                 Tmut/Erth      ########     0%          2    None
 Searing Ray              Conj           ######       0%          2    None
 Shroud of Golubria       Chrm/Tloc      ########..   0%          2    None
 Slow                     Hex            ########     0%          2    None
 Throw Flame              Conj/Fire      ######       0%          2    None
 Throw Frost              Conj/Ice       ######       0%          2    None
 Confuse                  Hex            ########     0%          3    None
 Conjure Flame            Conj/Fire      ########     0%          3    None
 Dazzling Spray           Conj/Hex       ######       0%          3    None
 Gell's Gravitas          Tloc           ########..   0%          3    None
 Ignite Poison            Fire/Tmut/Pois ########     0%          3    None
 Inner Flame              Hex/Fire       ########     0%          3    None
 Lesser Beckoning         Tloc           ########..   0%          3    None
 Mephitic Cloud           Conj/Pois/Air  ########     0%          3    None
 Ozocubu's Armour         Chrm/Ice       ########     0%          3    None
 Portal Projectile        Hex/Tloc       ######       0%          3    None
 Regeneration             Chrm/Necr      ########..   0%          3    None
 Spectral Weapon          Hex/Chrm       ########     0%          3    None
 Static Discharge         Conj/Air       ########     0%          3    None
 Stone Arrow              Conj/Erth      ######       0%          3    None
 Summon Guardian Golem    Hex/Summ       ########     0%          3    None
 Teleport Other           Tloc           ########     0%          3    None
 Tukima's Dance           Hex            ########     0%          3    None
 Vampiric Draining        Necr           #########.   0%          3    None
 Animate Dead             Necr           N/A          0%          4    None
 Cause Fear               Hex            #########.   0%          4    None
 Force Lance              Conj/Tloc      ########     0%          4    None
 Fulminant Prism          Conj/Hex       #########.   0%          4    None
 Ice Form                 Ice/Tmut       ########     0%          4    None
 Iskenderun's Mystic Bla  Conj           ########     0%          4    None
 Leda's Liquefaction      Hex/Erth       #########.   0%          4    None
 Passage of Golubria      Tloc           N/A          0%          4    None
 Petrify                  Tmut/Erth      ########     0%          4    None
 Sticky Flame             Conj/Fire      ########     0%          4    None
 Summon Ice Beast         Ice/Summ       ########     0%          4    None
 Throw Icicle             Conj/Ice       ########     0%          4    None
 Beastly Appendage        Tmut           ######       1%          1    None
 Infusion                 Chrm           ####         1%          1    None
 Summon Butterflies       Summ           ######..     1%          1    None
 Summon Small Mammal      Summ           ####         1%          1    None
 Call Imp                 Summ           ######..     1%          2    None
 Poisonous Vapours        Pois/Air       ######       1%          2    None
 Song of Slaying          Chrm           ######..     1%          2    None
 Sticks to Snakes         Tmut           #######.     1%          2    None
 Swiftness                Chrm/Air       ######..     1%          2    None
 Call Canine Familiar     Summ           ######..     1%          3    None
 Recall                   Summ/Tloc      N/A          1%          3    None
 Spider Form              Tmut/Pois      #######...   1%          3    None
 Airstrike                Air            ######....   1%          4    None
 Olgreb's Toxic Radiance  Pois           ######..     1%          4    None
 Summon Lightning Spire   Summ/Air       ######..     1%          4    None
 Agony                    Necr           ########     0%          5    None
 Bolt of Draining         Conj/Necr      #########.   0%          5    None
 Bolt of Magma            Conj/Fire/Erth #########.   0%          5    None
 Borgnjor's Vile Clutch   Necr/Erth      #########.   0%          5    None
 Dispel Undead            Necr           ########     0%          5    None
 Fireball                 Conj/Fire      #########.   0%          5    None
 Irradiate                Conj/Tmut      ########..   0%          5    None
 Metabolic Englaciation   Hex/Ice        #########.   0%          5    None
 Yara's Violent Unravell  Hex/Tmut       ########..   0%          5    None
 Bolt of Cold             Conj/Ice       #########.   0%          6    None
 Darkness                 Hex            #########.   0%          6    None
 Death Channel            Necr           #########.   0%          6    None
 Freezing Cloud           Conj/Ice/Air   ########..   0%          6    None
 Invisibility             Hex            ########     0%          6    None
 Ozocubu's Refrigeration  Ice            #########.   0%          6    None
 Simulacrum               Ice/Necr       #########.   0%          6    None
 Orb of Destruction       Conj           #########.   0%          7    None
 Excruciating Wounds      Chrm/Necr      ########..   1%          5    None
 Iskenderun's Battlesphe  Conj/Chrm      ########     1%          5    None
 Lightning Bolt           Conj/Air       ########..   1%          5    None
 Silence                  Hex/Air        ########..   1%          5    None
 Summon Forest            Summ/Tloc      ########..   1%          5    None
 Summon Mana Viper        Hex/Summ       ########     1%          5    None
 Venom Bolt               Conj/Pois      ########..   1%          5    None
 Conjure Ball Lightning   Conj/Air       ########..   1%          6    None
 Dispersal                Tloc           ########..   1%          6    None
 Poison Arrow             Conj/Pois      ########..   1%          6    None
 Haunt                    Necr/Summ      ########..   1%          7    None
 Ring of Flames           Chrm/Fire      #########.   1%          7    None
 Spellforged Servitor     Conj/Summ      ########..   1%          7    None
 Borgnjor's Revivificati  Necr           #########.   1%          8    None
 Chain Lightning          Conj/Air       ########..   1%          8    None
 Disjunction              Tloc           ########..   1%          8    None
 Infestation              Necr           #########.   1%          8    None
 Alistair's Intoxication  Tmut/Pois      #######.     2%          5    None
 Aura of Abjuration       Summ           ######....   2%          5    None
 Blade Hands              Tmut           #######...   2%          5    None
 Summon Demon             Summ           ######....   2%          5    None
 Malign Gateway           Summ/Tloc      ########..   4%          7    None
 Death's Door             Chrm/Necr      ########..   4%          8    None
 Hydra Form               Tmut           #######...   12%         6    None
 Deflect Missiles         Chrm/Air       ######....   16%         6    None
 Shadow Creatures         Summ           N/A          16%         6    None
 Dragon Form              Tmut           #######...   52%         7    None
 Monstrous Menagerie      Summ           ######....   61%         7    None
 Summon Greater Demon     Summ           ######....   61%         7    None
 Summon Hydra             Summ           ######....   61%         7    None
 Summon Horrible Things   Summ           ######....   99%         8    None
 Dragon's Call            Summ           ######....   100%        9    None
 Tornado                  Air            ######....   100%        9    None
 Sublimation of Blood     Necr           Unusable     N/A         2    N/A
 Statue Form              Tmut/Erth      Unusable     N/A         6    N/A

Dungeon Overview and Level Annotations

Branches:
Dungeon (15/15)            Temple (1/1) D:4            Lair (6/6) D:11
 Shoals (4/4) Lair:4        Snake (4/4) Lair:4        Slime (5/5) Lair:6
    Orc (2/2) D:10            Elf (3/3) Orc:2        Vaults (5/5) D:13
  Crypt (3/3) Vaults:3       Tomb (0/3) Crypt:3      Depths (5/5) D:15
    Zot (1/5) Depths:5

Altars:
Dithmenos
Fedhas
Gozag
Kikubaaqudgha
Makhleb
Okawaru
Qazlal
Sif Muna
Trog
Uskayaw
Vehumet
Wu Jian
Xom
Yredelemnul
Zin
The Shining One
Jiyva

Shops:
D:6 ==([=   D:14 *   Orc:2 }=[(   Elf:2 (   Shoals:1 =*}   Vaults:3 =*[
Vaults:4 [?   Depths:2 }=   Depths:5 *

Portals:
Hell: Depths:1 Depths:2 Depths:3 Depths:4 Depths:5
Abyss: Depths:3 Depths:4
Pandemonium: Depths:1 Depths:3 Depths:5

Annotations:
D:2 Terence
Elf:2 3 runed translucent doors
Depths:5 1 runed translucent door


Innate Abilities, Weirdness & Mutations

You are resistant to torment.
Your stone body is resilient. (AC +20)
You are immune to poison.
Your large and strong wings let you fly indefinitely.
You resist negative energy. (rN+)
You are resistant to electric shocks. (rElec)
You can survive without breathing.
You are immune to petrification.
You are immune to rotting.
You have a pair of small antennae on your head.
You are surrounded by a mild repulsion field. (EV +2)
You can translocate small distances at will.
You possess an exceptional clarity of mind.
You are clumsy. (Dex -2)
Your natural rate of healing is unusually fast.
You are robust. (+10% HP)
You occasionally shout uncontrollably at your foes.


Message History

The Ice Fiend partially resists.
You kill the Ice Fiend!
Vehumet accepts your kill.
The great icy blast engulfs the green death!!!
The green death is severely wounded.
The green death is flash-frozen.
The great icy blast engulfs the Brimstone Fiend!!!!
The Brimstone Fiend is frozen!
The Brimstone Fiend is severely wounded.
The Brimstone Fiend is flash-frozen.
A Brimstone Fiend comes into view.
A monstrous black sun comes into view.
It is wearing a +0 ring mail of cold resistance.
A lorocyproca comes into view.
The green death is engulfed in freezing vapours.
The green death gestures at you. The poison arrow misses you.
The Brimstone Fiend is engulfed in freezing vapours.
The Brimstone Fiend gestures at you.
The sphere of damnation explodes!
The damnation engulfs you!!!
You die...

.........▓
.........▓▓▓▓▓▓▓▓▓▓
..................▓
6.......§§°.......▓
...v...62°○○......▓
.6......§§°○......▓
1vv....62☼§§○....§▓
v)vv...41☼§§§°@..∩▓
1......2☼§§○○§).§§▓
1.v.)..[☼§§☼°.....▓
6°.....1☼§§§......▓
63......☼§§.......▓
.v.v....○§§.......▓
........☼▓▓▓▓▓▓▓▓▓▓
.........▓


You could see 2 Brimstone Fiends, a lorocyproca (invisible), 2 green deaths, a
monstrous corrupter, a monstrous black sun and a hellwing.

Vanquished Creatures
  the Royal Jelly (Slime:5)
  2 orbs of fire (Zig:6)
  42 ancient liches
  Mara (Vaults:2)
  76 pandemonium lords
  21 juggernauts
  51 greater mummies
  The ghost of Rudator the Warrior, a veteran GrFi of the Shining One (Crypt:1)
  3 shard shrikes (Zig:9)
  9 caustic shrikes
  22 Killer Klowns
  2 caustic shrikes (shapeshifter) (Zig:27)
  Bai Suzhen (Shoals:4)
  Saint Roka (Vaults:3)
  A curse toe (Crypt:3)
  A golden dragon (shapeshifter) (Zig:27)
  58 golden dragons
  21 pearl dragons
  the Enchantress (Depths:4)
  29 bone dragons
  6 profane servitors
  16 Brimstone Fiends
  12 Tzitzimimeh
  14 iron giants
  32 liches
  16 Ice Fiends
  The ghost of Cunoethenee the Lord of Darkness, an adept DsNe of Kikubaaqudgha (Vaults:1)
  23 tentacled monstrosities
  29 Hell Sentinels
  Asterion (Elf:1)
  13 deep elf blademasters
  4 quicksilver dragons (shapeshifter)
  15 deep elf master archers
  2 sphinxes (shapeshifter) (Zig:19)
  80 acid blobs
  34 titans
  12 quicksilver dragons
  55 ancient champions
  Polyphemus (Shoals:3)
  13 tentacled starspawn
  29 sphinxes
  5 shadow dragons
  19 Executioners
  2 shadow dragons (shapeshifter)
  2 thorn hunters
  Kirke (D:15)
  39 azure jellies
  10 storm dragons
  A storm dragon (shapeshifter) (Zig:19)
  9 tengu reavers
  Ilsuiw (Shoals:2)
  9 draconian monks
  45 revenants
  13 daevas
  15 warmongers
  11 fire giants
  20 blood saints
  21 frost giants
  A frost giant (shapeshifter) (Zig:7)
  3 azure jellies (shapeshifter)
  8 draconian scorchers
  79 nagarajas
  2 ghost moths (shapeshifter) (Zig:19)
  A fire giant (shapeshifter) (Zig:27)
  13 cacodemons
  An iron dragon (shapeshifter) (Zig:27)
  7 emperor scorpions
  10 deep elf elementalists
  17 ghost moths
  15 deep elf sorcerers
  13 iron dragons
  30 vault wardens
  28 balrugs
  11 juggernaut zombies
  11 angels
  9 draconian shifters
  41 orc warlords
  18 draconian knights
  Aizul (Vaults:1)
  29 curse skulls
  13 draconian annihilators
  9 draconian stormcallers
  4 spriggan defenders (Depths:4)
  11 ghouls
  10 caustic shrike zombies
  49 reapers
  41 very ugly things
  4 stone giants (shapeshifter)
  39 ironheart preservers
  32 war gargoyles
  27 corrupters
  11 caustic shrike skeletons
  6 juggernaut skeletons
  28 entropy weavers
  60 stone giants
  39 vampire knights
  21 black suns
  11 ophanim
  16 bennus
  21 deep elf demonologists
  13 yellow draconians
  12 black draconians
  11 green draconians
  19 deep elf annihilators
  6 apis
  15 red draconians
  2 dire elephants (Depths:4)
  13 lorocyprocas
  A minotaur (Gauntlet)
  A dire elephant (shapeshifter) (Zig:27)
  8 spark wasps
  15 purple draconians
  Snorg (Orc:1)
  31 deep elf death magi
  16 white draconians
  19 merfolk javelineers
  51 mummy priests
  36 eidola
  14 crystal guardians
  19 ettins
  A quicksilver dragon zombie (Zig:15)
  23 blizzard demons
  14 death oozes
  15 jiangshi
  17 fire dragons
  19 merfolk impalers
  2 fire dragons (shapeshifter)
  42 green deaths
  17 deep elf high priests
  48 yaktaur captains
  Erolcha (D:9)
  24 great orbs of eyes
  10 hell beasts
  3 quicksilver dragon skeletons
  36 hydras
  10 rakshasas
  A juggernaut simulacrum (Zig:12)
  34 vault guards
  3 ghost crabs
  4 spriggan air magi (Depths:4)
  2 catoblepae
  3 monstrous demonspawn
  21 ice dragons
  28 two-headed ogres
  28 naga warriors
  19 centaur warriors
  13 shambling mangroves
  10 merfolk avatars
  17 merfolk aquamancers
  15 satyrs
  25 anacondas
  6 alligator snapping turtles
  A two-headed ogre (shapeshifter) (Zig:22)
  A satyr (shapeshifter) (Zig:22)
  14 death knights
  31 death scarabs
  31 ogre magi
  8 titan zombies
  7 alligators
  18 death yaks
  7 spriggan berserkers
  44 vampire magi
  4 deep troll shamans
  42 dancing weapons
  51 orc high priests
  9 tengu warriors
  11 thrashing horrors
  6 shock serpents (shapeshifter)
  34 naga sharpshooters
  Urug (Orc:1)
  9 hell hogs
  8 deep troll earth magi
  19 shock serpents
  59 deep elf knights
  8 soul eaters
  19 wretched stars
  4 sun demons
  5 fire crabs (Lair:4)
  8 storm dragon zombies
  10 iron golems
  28 shadow wraiths
  24 iron trolls
  12 hell knights
  7 titan skeletons
  3 iron trolls (shapeshifter)
  2 fire crabs (shapeshifter)
  13 sixfirhies
  22 death drakes
  4 deep trolls (shapeshifter)
  21 skeletal warriors
  8 salamander mystics
  5 storm dragon skeletons
  9 spriggan druids
  2 glowing orange brains (shapeshifter)
  2 spark wasp zombies
  42 flayed ghosts
  4 wizards
  8 obsidian statues
  4 spatial maelstroms
  2 swamp dragons (shapeshifter)
  14 glowing orange brains
  A torturous demonspawn (Zig:19)
  5 golden dragon zombies
  5 death drakes (shapeshifter)
  2 unseen horrors
  9 shadow demons
  19 swamp dragons
  9 orange crystal statues
  3 gelid demonspawn
  An infernal demonspawn (Zig:18)
  21 sea snakes
  23 deep trolls
  13 cherubim
  10 tengu zombies
  19 naga ritualists
  9 shadow dragon zombies
  28 ironbrand convokers
  Pikel (D:6)
  2 lindwurms (Lair:6)
  5 golden dragon skeletons
  48 deep elf archers
  33 harpies
  11 tengu skeletons
  34 phantasmal warriors
  45 ugly things
  38 orc knights
  A lindwurm (shapeshifter) (Zig:18)
  17 wolf spiders
  2 harpies (shapeshifter) (Zig:22)
  21 orb spiders
  9 sphinx zombies
  2 mana vipers (shapeshifter)
  4 sphinx skeletons
  37 orc sorcerers
  6 iron dragon zombies
  137 deep elf magi
  2 shadow dragon skeletons
  6 fire giant zombies
  2 manticores (shapeshifter)
  14 shining eyes
  11 necromancers
  3 frost giant zombies
  An orb spider (shapeshifter) (Depths:5)
  4 fauns (shapeshifter)
  2 glowing shapeshifters
  2 oklob plants (D:11)
  2 wolf spiders (shapeshifter)
  18 salamanders
  40 fauns
  3 stone giant zombies
  23 manticores
  3 moths of wrath (shapeshifter)
  An elephant (Lair:4)
  8 iron dragon skeletons
  3 worldbinders
  24 cyclopes
  17 mana vipers
  3 elephants (shapeshifter)
  2 cyclopes (shapeshifter)
  79 black mambas
  3 centaur zombies
  A dire elephant zombie (Crypt:2)
  5 frost giant skeletons
  3 guardian serpents (shapeshifter)
  26 moths of wrath
  2 water nymphs (shapeshifter)
  4 fire giant skeletons
  18 rust devils
  41 vault sentinels
  13 merfolk sirens
  25 apocalypse crabs
  47 naga magi
  2 stone giant skeletons
  17 smoke demons
  23 water nymphs
  11 eyes of devastation
  3 torpor snails (shapeshifter)
  A black mamba (shapeshifter) (Vaults:2)
  29 guardian serpents
  4 spiny frogs (shapeshifter)
  2 storm dragon simulacra
  15 torpor snails
  9 gargoyles
  9 ice statues
  A shock serpent skeleton (Crypt:3)
  5 spriggan skeletons
  11 spriggan zombies
  8 orange demons
  A yaktaur zombie (Depths:1)
  21 hellions
  19 spiny frogs
  3 eyes of devastation (shapeshifter)
  8 rime drakes
  A dire elephant skeleton (Crypt:2)
  39 freezing wraiths
  A yaktaur (shapeshifter) (Zig:27)
  80 yaktaurs
  3 komodo dragons
  11 tengu conjurers
  28 tormentors
  A rime drake (shapeshifter) (Zig:2)
  3 efreet
  10 demonic crawlers
  16 red devils
  94 guardian mummies
  8 hellwings
  23 ice devils
  A queen bee (shapeshifter) (Vaults:2)
  7 ancient zymes
  3 meliai (shapeshifter)
  A harpy zombie (D:15)
  85 merfolk
  5 tyrant leeches (Zig:13)
  2 jumping spiders (shapeshifter)
  18 trolls
  3 trolls (shapeshifter)
  2 slime creatures (shapeshifter)
  13 jumping spiders
  2 tyrant leeches (shapeshifter) (Zig:14)
  2 moth of wrath zombies
  195 slime creatures
  9 bog bodies
  55 hornets
  8 blink frogs
  A dream sheep (shapeshifter) (Zig:3)
  3 snapping turtles (shapeshifter)
  An iron dragon simulacrum (Zig:12)
  5 polar bears (Lair:6)
  3 raiju (shapeshifter)
  A stone giant simulacrum (Zig:3)
  8 wind drakes
  13 raiju
  A frost giant simulacrum (Crypt:1)
  13 hippogriffs
  13 dream sheep
  34 starcursed masses
  23 snapping turtles
  2 tarantellas (shapeshifter)
  54 flying skulls
  19 ynoxinuls
  A black mamba zombie (Crypt:3)
  3 spriggans (shapeshifter)
  57 spriggans
  42 wraiths
  21 redbacks
  10 air elementals
  2 redbacks (shapeshifter) (Zig:11)
  A yak (shapeshifter) (Zig:20)
  2 spriggan simulacra
  12 shadows
  An ettin skeleton (Crypt:3)
  2 ice dragon skeletons
  20 elf zombies
  A wind drake zombie (Crypt:1)
  50 large abominations
  15 water elementals
  28 yaks
  A vampire (D:11)
  A fire bat (shapeshifter) (Zig:27)
  11 tarantellas
  4 wyverns
  43 ushabtiu
  The ghost of Esekla the Skirmisher, an amateur GnAK of Lugonu (D:3)
  9 fire elementals
  Eustachio (D:5)
  4 basilisks
  10 fire bats
  A hog (shapeshifter) (Zig:11)
  2 hungry ghosts
  2 hogs (D:15)
  9 neqoxecs
  9 vampire mosquitoes
  16 golden eyes
  2 steam dragons
  17 wargs
  Menkaure (D:4)
  20 elf skeletons
  15 chaos spawn
  12 small abominations
  A yaktaur simulacrum (Zig:2)
  A monstrous demonspawn zombie (Crypt:3)
  82 nagas
  A naga (shapeshifter) (Depths:1)
  A spatial vortex (Zig:17)
  3 soldier ants
  21 hell hounds
  3 insubstantial wisps
  6 acid dragons
  2 deep troll skeletons
  8 floating eyes
  Duvessa (D:5)
  7 water moccasins
  2 floating eyes (shapeshifter)
  95 orc warriors
  A torturous demonspawn skeleton (Crypt:1)
  4 swamp drakes
  13 porcupines
  2 sky beasts
  A swamp dragon zombie (Crypt:3)
  6 ice beasts
  A fire dragon simulacrum (Crypt:1)
  2 ice beasts (shapeshifter)
  6 necrophages
  4 phantoms
  35 eyes of draining
  2 black bears
  An ice dragon simulacrum (Zig:2)
  22 centaurs
  60 ogres
  24 wolves
  12 boggarts
  6 crocodiles
  An elf simulacrum (Zig:26)
  2 big kobolds
  2 human zombies (Vaults:2)
  11 bullfrogs
  17 earth elementals
  Blork the orc (D:5)
  A spiny frog simulacrum (Crypt:1)
  A water moccasin zombie (D:10)
  3 human skeletons
  2 wyvern skeletons
  Dowan (D:5)
  A hippogriff skeleton (Crypt:1)
  A wyvern zombie (D:12)
  A raiju zombie (Crypt:1)
  5 scorpions
  6 killer bees (D:6)
  A polar bear skeleton (Crypt:2)
  4 wights
  An electric eel (D:9)
  5 howler monkeys
  A wolf zombie (Crypt:2)
  5 lava snakes (Volcano)
  7 crimson imps
  2 quasits (D:8)
  A basilisk zombie (Crypt:3)
  2 bullfrog zombies
  30 orc priests
  6 hounds
  3 jellies
  4 centaur skeletons
  4 bullfrog skeletons
  An iguana (D:12)
  15 iron imps
  39 orc wizards
  Crazy Yiuf (D:5)
  An iguana (shapeshifter) (Zig:27)
  6 worker ants
  A felid skeleton (Crypt:3)
  A big kobold zombie (Crypt:1)
  2 acid dragon skeletons
  An ogre skeleton (Crypt:2)
  A hound skeleton (D:6)
  167 mummies
  A worker ant zombie (D:6)
  A howler monkey zombie (D:7)
  A howler monkey skeleton (D:7)
  9 adders
  14 gnolls
  4 shadow imps
  16 white imps
  6 ufetubi
  2 oozes
  An adder skeleton (D:6)
  3 worms
  3 dart slugs
  6 leopard geckos
  121 orcs
  2 ball pythons (D:1)
  5 bats
  6 giant cockroaches
  7 goblins
  10 hobgoblins
  9 jackals
  2 quokkas
  5 frilled lizards
  2 jackal skeletons
  15 kobolds
  A leopard gecko skeleton (Crypt:1)
  A quokka zombie (D:8)
  7 rats
  A river rat skeleton (Crypt:2)
  299 blocks of ice
  2 bushes (Depths:4)
  10 crawling corpses (Zig:13)
  273 fire vortices
  20 plants
  10 starspawn tentacles
7648 creatures vanquished.

Vanquished Creatures (collateral kills)
  An ancient lich (Zig:14)
  4 greater mummies
  A pearl dragon (Zig:17)
  3 bone dragons
  A lich (Zig:25)
  5 acid blobs
  A tentacled starspawn (Zig:17)
  A sphinx (Depths:2)
  A draconian monk (Zig:16)
  2 daevas (Zig:17)
  A draconian scorcher (Zig:16)
  An angel (Zig:5)
  4 orc warlords (Zig:24)
  2 draconian annihilators (Zig:16)
  4 draconian shifters
  A juggernaut skeleton (Zig:25)
  A reaper (Zig:23)
  2 ophanim (Zig:17)
  2 draconian stormcallers (Zig:16)
  An ironheart preserver (Zig:22)
  A stone giant (Zig:24)
  A very ugly thing (Zig:27)
  2 black draconians (Zig:16)
  2 white draconians (Zig:16)
  2 apis (Zig:17)
  A purple draconian (Zig:16)
  2 green draconians (Zig:16)
  A red draconian (Zig:1)
  A merfolk impaler (Zig:20)
  A yellow draconian (Depths:5)
  A fire dragon (D:14)
  A great orb of eyes (Zig:24)
  A hydra (Lair:3)
  A ghost crab (Lair:4)
  2 death yaks (Lair:3)
  5 orc high priests (Zig:24)
  A hell knight (Volcano)
  An iron troll (Zig:24)
  2 wretched stars
  A glowing orange brain (shapeshifter) (Zig:22)
  A phantasmal warrior (Zig:17)
  2 orc knights (Zig:24)
  A deep elf mage (Zig:17)
  4 orc sorcerers (Zig:24)
  2 slime creatures
  A fire giant skeleton (Zig:14)
  4 large abominations (Zig:17)
  An apocalypse crab (Zig:17)
  A merfolk siren (Zig:20)
  2 molten gargoyles (Volcano)
  A torpor snail (Lair:3)
  A smoke demon (Zig:17)
  An elf zombie (Zig:23)
  An ice devil (Zig:9)
  2 starcursed masses (Zig:17)
  5 ynoxinuls
  A neqoxec (Zig:17)
  4 wargs
  A small abomination (Zig:17)
  8 orc warriors (Zig:24)
  A hell hound (Volcano)
  2 floating eyes
  A porcupine (Lair:3)
  An ice beast (shapeshifter) (Zig:17)
  A black bear (Lair:6)
  2 eyes of draining (Zig:24)
  3 ogres (Zig:24)
  A jelly (shapeshifter) (Zig:27)
  11 mummies
  2 fire vortices (Zig:17)
138 creatures vanquished.

Vanquished Creatures (others)
  A pandemonium lord (Zig:27)
  A starcursed mass (Zig:21)
  2 eldritch tentacles (Zig:27)
  5 orc warlords (Zig:24)
  A fire giant (Zig:19)
  2 corrupters (Zig:17)
  2 draconian monks (Zig:16)
  An entropy weaver (Lair:4)
  2 stone giants (Zig:24)
  A green draconian (Zig:16)
  A yellow draconian (Zig:16)
  A yaktaur (Zig:22)
  A raiju (Gauntlet)
  A flying skull (Zig:17)
  2 shadows
  A golden eye (shapeshifter) (Zig:27)
  A water elemental (Zig:13)
  A steam dragon (Gauntlet)
  A neqoxec (Zig:17)
  A warg (Zig:24)
  A chaos spawn (Zig:17)
  A crocodile (Lair:6)
  2 orc warriors
  An ice beast (D:12)
  2 slaves (D:6)
  An ogre (Zig:24)
  A wolf (Lair:6)
  A worker ant (D:6)
  6 white imps (IceCv)
  3 ufetubi (IceCv)
  117 blocks of ice
  2 crawling corpses (Zig:13)
  590 fire vortices
  13 fungi (Lair:6)
  78 plants
  19 starspawn tentacles
867 creatures vanquished.

Grand Total: 8653 creatures vanquished

Notes
Turn   | Place    | Note
-------+----------+-------------------------------------------
     0 | D:1      | JellyEater the Gargoyle Earth Elementalist began the quest
                  | for the Orb.
     0 | D:1      | Reached XP level 1. HP: 10/10 MP: 3/3
   279 | D:1      | Reached XP level 2. HP: 11/15 MP: 1/5
   655 | D:1      | Reached XP level 3. HP: 19/19 MP: 7/7
   660 | D:1      | Learned a level 3 spell: Stone Arrow
  1678 | D:2      | Noticed Terence
  2000 | D:2      | Reached XP level 4. HP: 20/24 MP: 5/8
  2105 | D:2      | Reached skill level 1 in Conjurations
  2109 | D:2      | Learned a level 2 spell: Passwall
  2433 | D:3      | You fall through a shaft for 2 floors!
  2433 | D:5      | Entered Level 5 of the Dungeon
  2536 | D:5      | Noticed a phantom
  2564 | D:5      | Reached skill level 1 in Maces & Flails
  2617 | D:4      | Reached XP level 5. HP: 28/28 MP: 6/9
  2645 | D:4      | Found an iron altar of Okawaru.
  2687 | D:4      | Reached skill level 5 in Earth Magic
  3039 | D:4      | Got a twisted hand axe
  3040 | D:4      | Identified the +7 hand axe "Laevizep" {speed, +Blink} (You
                  | found it on level 4 of the Dungeon)
  3049 | D:4      | Reached XP level 6. HP: 30/32 MP: 11/11
  3056 | D:4      | Learned a level 5 spell: Lee's Rapid Deconstruction
  3068 | D:4      | Found a staircase to the Ecumenical Temple.
  3082 | Temple   | Entered the Ecumenical Temple
  3102 | Temple   | Became a worshipper of Vehumet
  3131 | D:4      | Noticed a phantom
  3152 | D:4      | Killed a phantom
  3395 | D:3      | Found a large runed translucent door.
  3396 | D:3      | Found a large runed translucent door.
  3890 | D:3      | Noticed Esekla's ghost (amateur GnAK)
  3905 | D:3      | Killed Esekla's ghost
  3905 | D:3      | Reached XP level 7. HP: 33/36 MP: 3/13
  4244 | D:4      | Noticed Menkaure
  4248 | D:4      | Killed Menkaure
  4523 | D:5      | Noticed Eustachio
  4591 | D:5      | Killed Eustachio
  4591 | D:5      | Reached skill level 1 in Fighting
  4591 | D:5      | Reached skill level 1 in Armour
  4655 | D:5      | Noticed Duvessa
  4655 | D:5      | Noticed Dowan
  4659 | D:5      | Killed Duvessa
  4659 | D:5      | Reached skill level 1 in Evocations
  4659 | D:5      | Reached XP level 8. HP: 43/43 MP: 9/14
  4662 | D:5      | Killed Dowan
  4739 | D:5      | Noticed Blork the orc
  4743 | D:5      | Killed Blork the orc
  4825 | D:5      | Found a runed translucent door.
  4826 | D:5      | Noticed Crazy Yiuf
  4831 | D:5      | Paralysed by Crazy Yiuf for 3 turns
  4834 | D:5      | Killed Crazy Yiuf
  5750 | D:6      | Found Billaa's Jewellery Emporium.
  5808 | D:6      | Found Etum's Weapon Boutique.
  5821 | D:6      | Found Plog's Antique Armour Emporium.
  5992 | D:6      | Reached * piety under Vehumet
  5992 | D:6      | Offered knowledge of Flame Tongue by Vehumet.
  5992 | D:6      | Reached skill level 5 in Spellcasting
  6393 | D:6      | Noticed Pikel
  6396 | D:6      | Found Uzehul's Jewellery Shoppe.
  6413 | D:6      | Killed Pikel
  6413 | D:6      | Reached skill level 5 in Conjurations
  6413 | D:6      | Reached XP level 9. HP: 49/49 MP: 10/17
  6532 | D:6      | Found Linnavvi's Jewellery Shoppe.
  7883 | D:8      | Learned a level 3 spell: Mephitic Cloud
  7975 | D:8      | Reached ** piety under Vehumet
  7977 | D:8      | Offered knowledge of Throw Flame by Vehumet.
  8204 | D:8      | Reached XP level 10. HP: 40/56 MP: 12/18
  8658 | D:8      | Reached skill level 5 in Maces & Flails
  9310 | D:9      | Noticed Erolcha
  9312 | D:9      | Killed Erolcha
  9816 | D:9      | Offered knowledge of Static Discharge by Vehumet.
 10088 | D:10     | Entered Level 10 of the Dungeon
 10216 | D:10     | Found a blossoming altar of Fedhas.
 10223 | D:10     | Reached *** piety under Vehumet
 10264 | D:10     | Offered knowledge of Airstrike by Vehumet.
 10434 | D:10     | Found a staircase to the Orcish Mines.
 10436 | D:10     | Reached skill level 5 in Armour
 10447 | D:10     | Reached skill level 5 in Fighting
 10721 | D:10     | Reached XP level 11. HP: 56/63 MP: 20/20
 11150 | D:11     | Noticed a brown ugly thing
 11159 | D:11     | Killed a brown ugly thing
 11216 | D:11     | Noticed a purple ugly thing
 11222 | D:11     | Killed a purple ugly thing
 11353 | D:11     | Found a glowing golden altar of the Shining One.
 11586 | D:11     | Noticed an oklob plant
 11730 | D:11     | Found a staircase to the Lair.
 11732 | D:11     | Noticed a cyclops
 11733 | D:11     | Killed an oklob plant
 11761 | D:11     | Killed a cyclops
 11786 | D:11     | Noticed an oklob plant
 11797 | D:11     | Killed an oklob plant
 11809 | D:11     | Noticed a cyclops
 11817 | D:11     | Killed a cyclops
 11817 | D:11     | Reached **** piety under Vehumet
 12828 | D:12     | Offered knowledge of Irradiate by Vehumet.
 12902 | D:12     | Noticed a death knight
 12920 | D:12     | Noticed a skeletal warrior
 12950 | D:12     | Killed a skeletal warrior
 12950 | D:12     | Reached skill level 5 in Evocations
 12953 | D:12     | Noticed a cyclops
 12959 | D:12     | HP: 2/64 [death knight/+0 great sword (11)]
 12960 | D:12     | Noticed a skeletal warrior
 12962 | D:12     | Noticed a skeletal warrior
 12970 | D:12     | Killed a death knight
 12970 | D:12     | Reached skill level 5 in Dodging
 12978 | D:12     | Reached skill level 10 in Earth Magic
 13434 | D:12     | Noticed a red ugly thing
 13444 | D:12     | Killed a red ugly thing
 13444 | D:12     | Reached XP level 12. HP: 21/71 MP: 16/23
 14177 | D:12     | Learned a level 5 spell: Irradiate
 14195 | D:12     | Learned a level 5 spell: Fireball
 14296 | D:12     | Reached skill level 1 in Fire Magic
 15090 | D:13     | Noticed a four-headed hydra
 15122 | D:13     | Killed a four-headed hydra
 15126 | D:13     | Found a gate leading to a gauntlet.
 15131 | Gauntlet | Entered a Gauntlet
 15131 | Gauntlet | Found a transporter.
 15131 | Gauntlet | Found a transporter.
 15436 | Gauntlet | Found a transporter.
 15436 | Gauntlet | Found a transporter.
 15445 | Gauntlet | Found a transporter.
 15464 | Gauntlet | Found a transporter.
 15465 | Gauntlet | Noticed an entropy weaver
 15474 | Gauntlet | Found a transporter.
 15474 | Gauntlet | Found a transporter.
 15476 | Gauntlet | Found the cursed necklace of Bloodlust {*Rage +Rage MR++
                  | Int-3 Slay+6 *Curse}
 15477 | Gauntlet | Found a transporter.
 15484 | Gauntlet | Noticed a death ooze
 15494 | Gauntlet | Noticed a minotaur
 15504 | Gauntlet | Found a transporter.
 15513 | Gauntlet | Found a transporter.
 15513 | Gauntlet | Noticed a great orb of eyes
 15555 | Gauntlet | Found a transporter.
 15570 | Gauntlet | Found a transporter.
 15595 | Gauntlet | Found a transporter.
 15686 | Gauntlet | Found a transporter.
 15700 | Gauntlet | Found a transporter.
 15901 | Gauntlet | Killed an entropy weaver
 16007 | Gauntlet | Got an ichor-stained helmet
 16016 | Gauntlet | Identified the +0 helmet "Puitheru" {+Blink rN+ MR- Int+2}
                  | (You found it in a Gauntlet)
 16051 | Gauntlet | Got a slimy hat
 16105 | Gauntlet | Identified the cursed +0 hat "Uroamace" {Dex+3 Stlth+} (You
                  | found it in a Gauntlet)
 16126 | Gauntlet | Killed a minotaur
 16248 | Gauntlet | Got an ancient great sword
 16248 | Gauntlet | Got a crude morningstar
 16269 | D:13     | Reached ***** piety under Vehumet
 16276 | D:13     | Identified the +4 great sword of Evisceration {venom, rPois
                  | rF+ Str+4} (You found it in a Gauntlet)
 16277 | D:13     | Identified the +6 morningstar of Fydoev {flame, rC++} (You
                  | found it in a Gauntlet)
 16281 | D:13     | Noticed an iron troll
 16282 | D:13     | Noticed an ice dragon
 16282 | D:13     | a wolf spider changed into an ice dragon
 16286 | D:13     | Noticed an ettin
 16286 | D:13     | an ice dragon changed into an ettin
 16287 | D:13     | Noticed a satyr
 16287 | D:13     | an ettin changed into a satyr
 16289 | D:13     | Noticed a fire dragon
 16289 | D:13     | a satyr changed into a fire dragon
 16298 | D:13     | Noticed a great orb of eyes
 16298 | D:13     | a fire dragon changed into a great orb of eyes
 16310 | D:13     | Noticed an ettin
 16310 | D:13     | a great orb of eyes changed into an ettin
 16318 | D:13     | Offered knowledge of Spellforged Servitor by Vehumet.
 16558 | D:13     | Reached XP level 13. HP: 77/77 MP: 22/25
 16871 | D:13     | Gained mutation: Your spells are a little harder to cast,
                  | but a little more powerful. [potion of mutation]
 16871 | D:13     | Gained mutation: You are weak. (Str -2) [potion of
                  | mutation]
 16871 | D:13     | Lost mutation: You are weak. (Str -2) [potion of mutation]
 16871 | D:13     | Gained mutation: You have sharp fingernails. [potion of
                  | mutation]
 17157 | D:13     | Noticed an ice dragon
 17165 | D:13     | Killed an ice dragon
 17281 | D:13     | Noticed an ettin
 17290 | D:13     | Killed an ettin
 17290 | D:13     | Reached skill level 5 in Fire Magic
 17847 | D:13     | Found a gate to the Vaults.
 18758 | D:14     | Noticed a fire dragon
 18766 | D:14     | Killed a fire dragon
 18975 | D:14     | Found Wowuysh's General Store.
 19065 | D:14     | Found a runed translucent door.
 19338 | D:14     | Noticed a yaktaur captain
 19349 | D:14     | Killed a yaktaur captain
 19817 | Lair:1   | Entered Level 1 of the Lair of Beasts
 20291 | Lair:1   | Offered knowledge of Iskenderun's Battlesphere by Vehumet.
 20297 | Lair:1   | Gained mutation: Your large and strong wings let you fly
                  | indefinitely. [Gargoyle growth]
 20297 | Lair:1   | Reached XP level 14. HP: 84/84 MP: 1/26
 21355 | Lair:2   | Reached skill level 10 in Conjurations
 23505 | Lair:4   | Found a runed translucent door.
 23620 | Lair:4   | Noticed an entropy weaver
 23637 | Lair:4   | Killed an entropy weaver
 23766 | Lair:4   | Noticed an entropy weaver
 23774 | Lair:4   | Killed an entropy weaver
 24077 | Lair:4   | Noticed an entropy weaver
 24097 | Lair:4   | Killed an entropy weaver
 24256 | Lair:4   | Noticed an entropy weaver
 24260 | Lair:4   | Killed an entropy weaver
 24808 | Lair:4   | Found a stormy altar of Qazlal.
 24999 | Lair:4   | Found a staircase to the Shoals.
 25154 | Lair:4   | Got a transparent trident
 25155 | Lair:4   | Identified the cursed +2 trident of the Present {flame,
                  | Str+5 Int-3 Dex+2 Stlth+} (You found it on level 4 of the
                  | Lair of Beasts)
 25424 | Lair:4   | Found a staircase to the Snake Pit.
 26069 | Lair:5   | Found a dark tunnel.
 26102 | Volcano  | Entered a volcano
 26166 | Volcano  | Reached XP level 15. HP: 87/92 MP: 28/28
 26324 | Volcano  | Found a radiant altar of Vehumet.
 27116 | Lair:6   | Entered Level 6 of the Lair of Beasts
 27340 | Lair:6   | Offered knowledge of Poison Arrow by Vehumet.
 27635 | Lair:6   | Reached skill level 10 in Fighting
 27696 | Lair:6   | Learned a level 6 spell: Poison Arrow
 28245 | Lair:6   | Found a staircase to the Slime Pits.
 28521 | Lair:6   | Offered knowledge of Iron Shot by Vehumet.
 28521 | Lair:6   | Reached skill level 10 in Maces & Flails
 28530 | Lair:6   | Learned a level 6 spell: Iron Shot
 28767 | Lair:6   | Reached skill level 10 in Fire Magic
 29352 | Orc:1    | Entered Level 1 of the Orcish Mines
 29378 | Orc:1    | Noticed Urug
 29382 | Orc:1    | Killed Urug
 29382 | Orc:1    | Reached skill level 10 in Spellcasting
 29383 | Orc:1    | Noticed Snorg
 29467 | Orc:1    | Killed Snorg
 29641 | Orc:2    | Entered Level 2 of the Orcish Mines
 29811 | Orc:1    | Found a frozen archway.
 29821 | IceCv    | Entered an ice cave
 31009 | Orc:2    | Reached XP level 16. HP: 98/98 MP: 27/30
 31048 | Orc:2    | Found Ypepedu's Gadget Shop.
 31063 | Orc:2    | Offered knowledge of Ozocubu's Refrigeration by Vehumet.
 31206 | Orc:2    | Found a staircase to the Elven Halls.
 31227 | Orc:2    | Found Qutorof's Jewellery Emporium.
 31570 | Orc:2    | Found Xexkev's Weapon Boutique.
 31582 | Orc:2    | Found Kaecw's Food Boutique.
 31584 | Orc:2    | Found Mifuas's Armour Emporium.
 31913 | D:15     | Entered Level 15 of the Dungeon
 31980 | D:15     | Found a blossoming altar of Fedhas.
 32281 | D:15     | Noticed Kirke
 32284 | D:15     | Killed Kirke
 32858 | D:15     | Found a staircase to the Depths.
 33460 | Elf:1    | Entered Level 1 of the Elven Halls
 34093 | Elf:1    | Noticed Asterion
 34217 | Elf:1    | Killed Asterion
 34367 | Elf:1    | Identified Sif Muna's Handbook of Creation
 35106 | Elf:2    | Found the +2 shield of Resistance {rF+ rC+ MR+}
 35109 | Elf:2    | Reached XP level 17. HP: 104/104 MP: 22/31
 35249 | Elf:2    | Offered knowledge of Bolt of Fire by Vehumet.
 35264 | Elf:2    | Reached skill level 1 in Shields
 35299 | Elf:1    | Learned a level 6 spell: Bolt of Fire
 36055 | Elf:2    | Found a runed translucent gate.
 36055 | Elf:2    | Found a runed translucent gate.
 36055 | Elf:2    | Found a runed translucent gate.
 36384 | Elf:2    | Found Orulur's Antique Weapon Emporium.
 36665 | Elf:3    | Entered Level 3 of the Elven Halls
 37447 | Elf:3    | Noticed a deep elf master archer
 37452 | Elf:3    | Killed a deep elf master archer
 37458 | Elf:3    | Noticed a deep elf blademaster
 37592 | Elf:3    | Killed a deep elf blademaster
 37995 | Elf:3    | Reached XP level 18. HP: 112/112 MP: 14/33
 38097 | Elf:3    | Cast into level 3 of the Abyss (a deep elf sorcerer)
 38298 | Abyss:3  | Gained mutation: You are weak. (Str -2) [a neqoxec]
 38542 | Abyss:3  | Offered knowledge of Orb of Destruction by Vehumet.
 38664 | Abyss:3  | Got a scintillating brass ring
 38665 | Abyss:3  | Identified the ring of Dawn {*Slow rPois Str+6 Int+4 SInv}
                  | (You found it on level 3 of the Abyss)
 38896 | Elf:3    | Escaped the Abyss
 39356 | Elf:3    | Identified the +7 spear "Wopamene" {pierce, rN++}
 39561 | Elf:3    | Noticed a deep elf master archer
 39563 | Elf:3    | Killed a deep elf master archer
 39563 | Elf:3    | Reached skill level 5 in Shields
 39694 | Elf:3    | Identified the +9 dagger of Nauzudd {pain, +Rage Dex+3}
 39761 | Elf:3    | Identified the +7 buckler of Weightlessness {rC+ Int+4
                  | Dex-2}
 39870 | Elf:3    | Noticed a deep elf master archer
 39877 | Elf:3    | Killed a deep elf master archer
 40019 | Elf:3    | Identified the +0 helmet of Haru Ywi {SInv} (You found it
                  | on level 3 of the Elven Halls)
 40022 | Elf:3    | Identified the cursed quicksilver dragon scales of
                  | Indemnity {rC+ MR+} (You found it on level 3 of the Elven
                  | Halls)
 40024 | Elf:3    | Identified Sif Muna's Collected Works on the Snowflakes
 40038 | Elf:3    | Identified the Collected Works on the Mountains and
                  | Dislocation
 40047 | Elf:3    | Identified the +1 pair of gloves of Foolhardiness {*Drain
                  | rElec Str+6 Stlth+} (You found it on level 3 of the Elven
                  | Halls)
 40172 | Elf:3    | Reached skill level 10 in Dodging
 40821 | Orc:2    | Bought a ration for 65 gold pieces
 40821 | Orc:2    | Bought a ration for 65 gold pieces
 40821 | Orc:2    | Bought a ration for 65 gold pieces
 40821 | Orc:2    | Bought a ration for 65 gold pieces
 40821 | Orc:2    | Bought a ration for 65 gold pieces
 40821 | Orc:2    | Bought a ration for 65 gold pieces
 40821 | Orc:2    | Bought a ration for 65 gold pieces
 40821 | Orc:2    | Bought a ration for 65 gold pieces
 40821 | Orc:2    | Bought a ration for 65 gold pieces
 40821 | Orc:2    | Bought a ration for 65 gold pieces
 40821 | Orc:2    | Bought a ration for 65 gold pieces
 40831 | Orc:2    | Bought the ring "Huestibb" {*Drain MR+ Int+6 Dex+4} for 652
                  | gold pieces
 41220 | Shoals:1 | Entered Level 1 of the Shoals
 41220 | Shoals:1 | Found Plog's Jewellery Boutique.
 41269 | Shoals:1 | Got a faintly glowing granite ring
 41270 | Shoals:1 | Identified the ring "Bupyhaso" {Wiz Int+4 Stlth+} (You
                  | found it on level 1 of the Shoals)
 41567 | Shoals:1 | Found Mynkahu's Gadget Shop.
 41642 | Shoals:1 | Identified the cursed +1 robe of Hadjma {rF+ rCorr Str+3
                  | Dex+8} (You found it on level 1 of the Shoals)
 41667 | Shoals:1 | Learned a level 8 spell: Ignition
 41920 | Shoals:1 | Found Mazxirgha's Assorted Antiques.
 41933 | Shoals:1 | Bought a scroll of identify for 70 gold pieces
 41933 | Shoals:1 | Bought a potion of curing for 105 gold pieces
 41933 | Shoals:1 | Bought a potion of curing for 105 gold pieces
 41933 | Shoals:1 | Bought a potion of curing for 105 gold pieces
 41933 | Shoals:1 | Bought a scroll of teleportation for 105 gold pieces
 42165 | Shoals:2 | Reached skill level 15 in Earth Magic
 42332 | Shoals:2 | Noticed Ilsuiw
 42351 | Shoals:2 | Killed Ilsuiw
 43477 | Shoals:3 | Reached XP level 19. HP: 117/117 MP: 27/34
 43531 | Shoals:3 | Reached ****** piety under Vehumet
 43552 | Shoals:3 | Noticed Polyphemus
 43705 | Shoals:3 | Killed Polyphemus
 44666 | Shoals:4 | Entered Level 4 of the Shoals
 45726 | Shoals:4 | Reached skill level 1 in Polearms
 46015 | Shoals:4 | Noticed Bai Suzhen
 46022 | Shoals:4 | Killed Bai Suzhen
 46477 | Shoals:4 | Got a barnacled rune of Zot
 46737 | Snake:1  | Entered Level 1 of the Snake Pit
 46764 | Snake:1  | Offered knowledge of Lehudib's Crystal Spear by Vehumet.
 46764 | Snake:1  | Offered knowledge of Fire Storm by Vehumet.
 46764 | Snake:1  | Offered knowledge of Shatter by Vehumet.
 47853 | Snake:2  | Reached XP level 20. HP: 124/124 MP: 31/36
 47866 | Snake:2  | Reached skill level 15 in Fire Magic
 48526 | Snake:2  | Identified the +6 trident of Evisceration {pain, +Fly
                  | Dex+2}
 49712 | Snake:3  | Found a radiant altar of Vehumet.
 49745 | Snake:4  | Entered Level 4 of the Snake Pit
 50402 | Snake:4  | Got a serpentine rune of Zot
 51204 | Vaults:1 | Entered Level 1 of the Vaults
 51289 | Vaults:1 | Found a runed translucent gate.
 51289 | Vaults:1 | Found a runed translucent gate.
 51289 | Vaults:1 | Found a runed translucent gate.
 51291 | Vaults:1 | Noticed Cunoethenee's ghost (adept DsNe)
 51297 | Vaults:1 | Reached XP level 21. HP: 131/131 MP: 35/37
 51297 | Vaults:1 | Killed Cunoethenee's ghost
 51425 | Vaults:1 | Identified the +1 pair of gloves "Botecs" {*Slow rElec rC+
                  | Regen+} (You found it on level 1 of the Vaults)
 51608 | Vaults:1 | Reached skill level 5 in Polearms
 51739 | Vaults:1 | Noticed Aizul
 51742 | Vaults:1 | Killed Aizul
 52385 | Vaults:1 | Reached skill level 15 in Conjurations
 53855 | Vaults:2 | Noticed Mara
 53862 | Vaults:2 | Noticed JellyEater's illusion
 53862 | Vaults:2 | Killed Mara
 53862 | Vaults:2 | Reached XP level 22. HP: 138/138 MP: 14/39
 55266 | Vaults:3 | Found a staircase to the Crypt.
 55625 | Vaults:3 | Noticed Saint Roka
 55628 | Vaults:3 | Killed Saint Roka
 55666 | Vaults:3 | Reached skill level 15 in Fighting
 55843 | Vaults:3 | Found Animinti's Jewellery Boutique.
 55868 | Vaults:3 | Found Uneusuvi's Armour Boutique.
 55907 | Vaults:3 | Found Anubobaono's Assorted Antiques.
 55917 | Vaults:3 | Bought a scroll of identify for 60 gold pieces
 55917 | Vaults:3 | Bought a scroll of teleportation for 90 gold pieces
 55917 | Vaults:3 | Bought a scroll labeled TUZEED PEATER for 30 gold pieces
 55917 | Vaults:3 | Bought a scroll of blinking for 225 gold pieces
 55917 | Vaults:3 | Bought a scroll of identify for 60 gold pieces
 56722 | Vaults:3 | Learned a level 9 spell: Shatter
 57039 | Vaults:3 | Reached XP level 23. HP: 144/144 MP: 19/41
 57310 | Vaults:4 | Found Mobotog's Armour Emporium.
 58170 | Vaults:4 | Found Coyhonn's Magic Scroll Shoppe.
 58178 | Vaults:4 | Bought a scroll of identify for 40 gold pieces
 58178 | Vaults:4 | Bought a scroll of teleportation for 60 gold pieces
 58178 | Vaults:4 | Bought a scroll of magic mapping for 70 gold pieces
 58178 | Vaults:4 | Bought a scroll of teleportation for 60 gold pieces
 58178 | Vaults:4 | Bought a scroll of identify for 40 gold pieces
 58178 | Vaults:4 | Bought a scroll of teleportation for 60 gold pieces
 58178 | Vaults:4 | Bought a scroll of identify for 40 gold pieces
 58178 | Vaults:4 | Bought a scroll of identify for 40 gold pieces
 58367 | Vaults:5 | Entered Level 5 of the Vaults
 58367 | Vaults:5 | Noticed a golden dragon
 58371 | Vaults:5 | Killed a golden dragon
 58660 | Vaults:5 | Reached XP level 24. HP: 121/152 MP: 41/41
 58680 | Vaults:5 | Identified the +3 scale mail of the Soldier {rPois MR+}
 58680 | Vaults:5 | Identified the +3 mace "Muteyh" {flame, rPois Str+4}
 58681 | Vaults:5 | Reached skill level 15 in Spellcasting
 59404 | Vaults:5 | Found the +8 demon trident "Rift" {distort, reach+}
 59640 | Vaults:5 | Identified the +2 short sword "Egavone" {flame, Int+6}
 59640 | Vaults:5 | Identified the cursed +1 spear "Veosamo" {speed, Stlth+}
 59642 | Vaults:5 | Identified the +4 rapier "Weac" {vamp, +Fly rF+++ Str-4
                  | Dex+3}
 59649 | Vaults:5 | Identified Vuagh's Catalogue of the Fiery Snowflakes
 59652 | Vaults:5 | Got a silver rune of Zot
 59694 | Vaults:5 | Identified the +5 great mace of Big Damage {vamp, +Blink}
 60793 | Vaults:5 | Identified the cursed +0 large shield "Utoq" {+Inv Str+4}
                  | (You found it on level 5 of the Vaults)
 60864 | Crypt:1  | Entered Level 1 of the Crypt
 60996 | Crypt:1  | Reached XP level 25. HP: 154/159 MP: 30/42
 61156 | Crypt:1  | You are sucked into a shaft!
 61342 | Crypt:1  | Found a runed translucent gate.
 61342 | Crypt:1  | Found a runed translucent gate.
 61343 | Crypt:1  | Found a runed translucent gate.
 61344 | Crypt:1  | Noticed Rudator's ghost (veteran GrFi)
 61357 | Crypt:1  | Killed Rudator's ghost
 61396 | Crypt:1  | Reached XP level 26. HP: 164/164 MP: 9/43
 62401 | Crypt:3  | Entered Level 3 of the Crypt
 62405 | Crypt:3  | Reached skill level 10 in Polearms
 62689 | Crypt:3  | Found a staircase to the Tomb.
 63104 | Crypt:3  | Noticed an ancient lich
 63106 | Crypt:3  | Killed an ancient lich
 63128 | Crypt:3  | Got a glittering amber ring
 63128 | Crypt:3  | Got a slimy amber ring
 63134 | Crypt:3  | Identified the ring of the Cast Vote {rF+ rN+ SInv} (You
                  | found it on level 3 of the Crypt)
 63136 | Crypt:3  | Identified the ring of Neamaodd {rC+ rN+ MR+ Dex+2} (You
                  | found it on level 3 of the Crypt)
 63140 | Crypt:3  | Got a slimy ivory ring
 63141 | Crypt:3  | Identified the ring of Propriety {+Inv rN+ Str+2} (You
                  | found it on level 3 of the Crypt)
 63974 | D:15     | Upgraded the game from 0.24-a0-274-gb3763e6d51 to
                  | 0.24-a0-275-g6f7e2cb4ba
 63985 | D:15     | Learned a level 9 spell: Fire Storm
 63988 | Depths:1 | Entered Level 1 of the Depths
 64388 | Depths:1 | Found an opulent altar of Gozag.
 64460 | Depths:1 | Reached XP level 27. HP: 171/171 MP: 44/44
 64690 | Depths:1 | Found a one-way gate leading to the halls of Pandemonium.
 65047 | Depths:1 | You are sucked into a shaft!
 65255 | Depths:1 | Found the ring of Robustness {AC+8}
 66041 | Depths:1 | Found a shadowy altar of Dithmenos.
 66185 | Depths:1 | Found a gateway to Hell.
 66358 | Depths:2 | Found Kaoloupe's Gadget Emporium.
 66392 | Depths:2 | Found a transporter.
 66396 | Depths:2 | Got a heavily runed marble ring
 66415 | Depths:2 | Noticed a juggernaut
 66427 | Depths:2 | Identified the ring "Plog" {Str+5 Dex+2} (You found it on
                  | level 2 of the Depths)
 66639 | Depths:2 | Found a runed translucent door.
 66642 | Depths:2 | Found a radiant altar of Vehumet.
 66642 | Depths:2 | Noticed an ancient lich
 66651 | Depths:2 | Killed an ancient lich
 66662 | Depths:2 | Identified the Reference Book on Confrontation
 67013 | Depths:2 | Found Heivoysy's Jewellery Shoppe.
 67016 | Depths:2 | Found a transporter.
 67215 | Depths:2 | Killed a juggernaut
 67256 | Depths:2 | Got a twitching granite ring
 67259 | Depths:2 | Identified the ring of Qofima {rN+ Dex+4} (You found it on
                  | level 2 of the Depths)
 67360 | Depths:2 | Identified the cursed +0 pair of boots "Sickak Veyc" {rElec
                  | rC+ Dex-3} (You found it on level 2 of the Depths)
 68313 | Depths:3 | Found a one-way gate to the infinite horrors of the Abyss.
 69826 | Depths:4 | Learned a level 9 spell: Glaciate
 69867 | Depths:4 | Reached skill level 1 in Ice Magic
 69869 | Depths:4 | Identified the +1 faerie dragon scales {rCorr Str+6}
 69869 | Depths:4 | Noticed the Enchantress
 69871 | Depths:4 | Killed the Enchantress
 69899 | Depths:4 | Identified the ring of the Foremost Wars {Ice Int+3 SInv}
 70015 | Depths:4 | Found the +7 lajatang of Order {silver, rMut}
 70067 | Depths:4 | Found a gateway to a ziggurat.
 70434 | Depths:4 | Found a bloodstained altar of Trog.
 71584 | Depths:5 | Entered Level 5 of the Depths
 71748 | Depths:5 | Noticed a juggernaut
 71752 | Depths:5 | Killed a juggernaut
 72253 | Depths:5 | Found Kapsif's Assorted Antiques.
 72311 | Depths:5 | Bought a scroll of teleportation for 153 gold pieces
 72311 | Depths:5 | Bought a potion of curing for 153 gold pieces
 72868 | Depths:5 | Reached skill level 5 in Ice Magic
 72915 | Depths:5 | Found a runed translucent door.
 72923 | Depths:5 | Found a runed translucent door.
 72928 | Depths:5 | Found a runed translucent door.
 72933 | Depths:5 | Found a runed translucent door.
 73006 | Depths:5 | Got a translucent iron ring
 73007 | Depths:5 | Identified the ring of the Camelopard {rCorr rC+ Int+4}
                  | (You found it on level 5 of the Depths)
 73178 | Depths:5 | Found a gate to the Realm of Zot.
 73263 | Depths:5 | Found a runed translucent door.
 73263 | Depths:5 | Found a runed translucent door.
 73942 | Slime:1  | Entered Level 1 of the Pits of Slime
 73944 | Slime:1  | Reached skill level 15 in Dodging
 74651 | Slime:5  | Entered Level 5 of the Pits of Slime
 74673 | Slime:5  | Found a viscous altar of Jiyva.
 74674 | Slime:5  | Noticed the Royal Jelly
 74679 | Slime:5  | Killed the Royal Jelly
 74708 | Slime:5  | Got a slimy rune of Zot
 74750 | Slime:5  | Identified Tarytes's Collected Works on Flying Companions
 74782 | Slime:5  | Got a shimmering jade ring
 74783 | Slime:5  | Identified the ring of the Genius {rElec rPois MR+ SInv}
                  | (You found it on level 5 of the Pits of Slime)
 74814 | Slime:5  | Got an ancient amber ring
 74815 | Slime:5  | Identified the ring "Egreppemp" {Dex+2 Stlth+} (You found
                  | it on level 5 of the Pits of Slime)
 74851 | Slime:5  | Gained mutation: You are clumsy. (Dex -2) [a shining eye]
 75314 | Zot:1    | Entered Level 1 of the Realm of Zot
 75920 | Depths:2 | Bought the ring of Wihanenn {rF+++ MR+ SInv Stlth-} for
                  | 1245 gold pieces
 76044 | Zig:1    | Entered Level 1 of a ziggurat
 76066 | Zig:2    | Entered Level 2 of a ziggurat
 76122 | Zig:3    | Entered Level 3 of a ziggurat
 76154 | Zig:4    | Entered Level 4 of a ziggurat
 76288 | Zig:5    | Entered Level 5 of a ziggurat
 76345 | Zig:5    | Got a glittering iron amulet
 76348 | Zig:5    | Identified the amulet of the Countless Souls {Regen+ Int+9}
                  | (You found it on level 5 of a ziggurat)
 76351 | Zig:6    | Entered Level 6 of a ziggurat
 76355 | Zig:6    | Noticed an orb of fire
 76355 | Zig:6    | Noticed an orb of fire
 76355 | Zig:6    | Gained mutation: Scrolls take you a little longer to read.
                  | [an orb of fire]
 76362 | Zig:6    | Killed an orb of fire
 76364 | Zig:6    | Killed an orb of fire
 76611 | Zig:6    | Lost mutation: You are clumsy. (Dex -2) [potion of
                  | mutation]
 76611 | Zig:6    | Lost mutation: Scrolls take you a little longer to read.
                  | [potion of mutation]
 76611 | Zig:6    | Lost mutation: You are weak. (Str -2) [potion of mutation]
 76611 | Zig:6    | Gained mutation: You have a beak for a mouth. [potion of
                  | mutation]
 76611 | Zig:6    | Gained mutation: You have large cloven feet. [potion of
                  | mutation]
 76633 | Zig:7    | Entered Level 7 of a ziggurat
 76752 | Zig:7    | Got a twitching iron ring
 76754 | Zig:7    | Identified the ring "Qirch" {rF+ EV+3 Str+3 Stlth+} (You
                  | found it on level 7 of a ziggurat)
 76879 | Zig:8    | Entered Level 8 of a ziggurat
 76891 | Zig:8    | Identified 2 scrolls of acquirement
 77009 | Zig:8    | Lost mutation: Your spells are a little harder to cast, but
                  | a little more powerful. [potion of mutation]
 77009 | Zig:8    | Lost mutation: You have large cloven feet. [potion of
                  | mutation]
 77009 | Zig:8    | Gained mutation: Potions are less effective at restoring
                  | your health. [potion of mutation]
 77009 | Zig:8    | Gained mutation: You have large cloven feet. [potion of
                  | mutation]
 77010 | Zig:8    | Lost mutation: Potions are less effective at restoring your
                  | health. [potion of mutation]
 77010 | Zig:8    | Lost mutation: You have sharp fingernails. [potion of
                  | mutation]
 77010 | Zig:8    | Lost mutation: You have large cloven feet. [potion of
                  | mutation]
 77010 | Zig:8    | Gained mutation: Your mind is acute. (Int +2) [potion of
                  | mutation]
 77010 | Zig:8    | Gained mutation: Your body sometimes deteriorates upon
                  | taking damage. [potion of mutation]
 77010 | Zig:8    | Gained mutation: You can translocate small distances at
                  | will. [potion of mutation]
 77010 | Zig:8    | Gained mutation: Your spells are a little harder to cast,
                  | but a little more powerful. [potion of mutation]
 77011 | Zig:8    | Lost mutation: Your mind is acute. (Int +2) [potion of
                  | mutation]
 77011 | Zig:8    | Lost mutation: You can translocate small distances at will.
                  | [potion of mutation]
 77011 | Zig:8    | Gained mutation: You occasionally shout uncontrollably at
                  | your foes. [potion of mutation]
 77011 | Zig:8    | Gained mutation: Your mind is acute. (Int +2) [potion of
                  | mutation]
 77012 | Zig:8    | Lost mutation: Your body sometimes deteriorates upon taking
                  | damage. [potion of mutation]
 77012 | Zig:8    | Lost mutation: You have a beak for a mouth. [potion of
                  | mutation]
 77012 | Zig:8    | Lost mutation: You occasionally shout uncontrollably at
                  | your foes. [potion of mutation]
 77012 | Zig:8    | Lost mutation: Your mind is acute. (Int +2) [potion of
                  | mutation]
 77012 | Zig:8    | Gained mutation: You are dopey. (Int -2) [potion of
                  | mutation]
 77012 | Zig:8    | Gained mutation: You are clumsy. (Dex -2) [potion of
                  | mutation]
 77012 | Zig:8    | Gained mutation: Your natural rate of healing is unusually
                  | fast. [potion of mutation]
 77012 | Zig:8    | Gained mutation: You have a pair of small antennae on your
                  | head. [potion of mutation]
 77020 | Zig:8    | Lost mutation: You are clumsy. (Dex -2) [potion of
                  | mutation]
 77020 | Zig:8    | Gained mutation: Your body sometimes deteriorates upon
                  | taking damage. [potion of mutation]
 77020 | Zig:8    | Gained mutation: You have a pair of antennae on your head.
                  | [potion of mutation]
 77021 | Zig:8    | Lost mutation: You are dopey. (Int -2) [potion of mutation]
 77021 | Zig:8    | Lost mutation: Your body sometimes deteriorates upon taking
                  | damage. [potion of mutation]
 77021 | Zig:8    | Lost mutation: You have a pair of antennae on your head.
                  | [potion of mutation]
 77021 | Zig:8    | Gained mutation: You occasionally shout uncontrollably at
                  | your foes. [potion of mutation]
 77021 | Zig:8    | Gained mutation: You tend to lose your temper in combat.
                  | [potion of mutation]
 77021 | Zig:8    | Lost mutation: You tend to lose your temper in combat.
                  | [potion of mutation]
 77021 | Zig:8    | Gained mutation: You expend magic power (3 MP) to
                  | strengthen your wands. [potion of mutation]
 77090 | Zig:9    | Entered Level 9 of a ziggurat
 77161 | Zig:10   | Entered Level 10 of a ziggurat
 77209 | Zig:10   | Identified Zunk's Collected Works on Dusty Displacement
 77213 | Zig:10   | Identified Wiwketo's Handbook of Creative Enhancements
 77224 | Zig:11   | Entered Level 11 of a ziggurat
 77231 | Zig:11   | Noticed a greater mummy
 77232 | Zig:11   | Noticed a greater mummy
 77234 | Zig:11   | Killed a greater mummy
 77235 | Zig:11   | Killed a greater mummy
 77235 | Zig:11   | Reached skill level 10 in Ice Magic
 77374 | Zig:12   | Entered Level 12 of a ziggurat
 77384 | Zig:12   | Noticed a greater mummy
 77385 | Zig:12   | Found the +8 longbow "Zephyr" {speed, Dex+3 SInv}
 77387 | Zig:12   | Killed a greater mummy
 77388 | Zig:12   | Noticed a greater mummy
 77391 | Zig:12   | Killed a greater mummy
 77391 | Zig:12   | Reached skill level 10 in Evocations
 77584 | Zig:12   | Got a fine lapis lazuli ring
 77586 | Zig:12   | Got an ancient golden ring
 77587 | Zig:12   | Identified the ring of Asecur {rElec rPois} (You found it
                  | on level 12 of a ziggurat)
 77589 | Zig:12   | Identified the ring of the Original Sin {rC+ MR+ Dex+3}
                  | (You found it on level 12 of a ziggurat)
 77595 | Zig:13   | Entered Level 13 of a ziggurat
 77658 | Zig:14   | Entered Level 14 of a ziggurat
 77675 | Zig:14   | Noticed an ancient lich
 77680 | Zig:14   | Killed an ancient lich
 77905 | Zig:14   | Got a pair of transparent boots
 77916 | Zig:14   | Identified the +2 pair of boots "Cits" {Dex+7} (You found
                  | it on level 14 of a ziggurat)
 77946 | Zig:15   | Entered Level 15 of a ziggurat
 78018 | Zig:15   | Got a scorched crystal amulet
 78019 | Zig:15   | Identified the amulet "Iconaph" {Gourm rN+++ Int+3 Dex-4
                  | Slay+2} (You found it on level 15 of a ziggurat)
 78035 | Zig:16   | Entered Level 16 of a ziggurat
 78044 | Zig:16   | Noticed a greater mummy
 78045 | Zig:16   | Noticed a greater mummy
 78047 | Zig:16   | Killed a greater mummy
 78047 | Zig:16   | Noticed a greater mummy
 78048 | Zig:16   | Killed a greater mummy
 78048 | Zig:16   | Noticed a greater mummy
 78050 | Zig:16   | Killed a greater mummy
 78050 | Zig:16   | Noticed a greater mummy
 78051 | Zig:16   | Killed a greater mummy
 78054 | Zig:16   | Killed a greater mummy
 78178 | Zig:16   | Got a scorched steel ring
 78179 | Zig:16   | Identified the ring "Qomocura" {+Inv rPois} (You found it
                  | on level 16 of a ziggurat)
 78189 | Zig:16   | Identified the Almanac of Glacial Stolen Souls
 78204 | Zig:17   | Entered Level 17 of a ziggurat
 78256 | Zig:17   | Found the +8 mithril axe "Arga" {speed, MR+}
 78264 | Zig:17   | Got a steaming golden amulet
 78265 | Zig:17   | Identified the amulet of Yplinash {Gourm Str+3} (You found
                  | it on level 17 of a ziggurat)
 78298 | Zig:17   | Reached skill level 15 in Ice Magic
 78304 | Zig:18   | Entered Level 18 of a ziggurat
 78491 | Zig:18   | Identified Yraimob's Papyrus of Toxic Companions
 78503 | Zig:18   | Learned a level 8 spell: Controlled Blink
 78511 | Zig:18   | Got a shimmering platinum ring
 78512 | Zig:18   | Identified the ring of Cumer {rF+ MR- Str+2 Int+2} (You
                  | found it on level 18 of a ziggurat)
 78534 | Zig:19   | Entered Level 19 of a ziggurat
 78542 | Zig:19   | Paralysed by a floating eye for 4 turns
 78548 | Zig:19   | Noticed Rirootiru the pandemonium lord
 78549 | Zig:19   | Noticed Noanikihie the pandemonium lord
 78551 | Zig:19   | Noticed Xeurchey the pandemonium lord
 78551 | Zig:19   | Noticed Geamn the pandemonium lord
 78551 | Zig:19   | Noticed Vyririut the pandemonium lord
 78551 | Zig:19   | Noticed Iqixayxo the pandemonium lord
 78553 | Zig:19   | Killed Geamn the pandemonium lord
 78554 | Zig:19   | Noticed Hatopn the pandemonium lord
 78555 | Zig:19   | Killed Vyririut the pandemonium lord
 78555 | Zig:19   | Killed Xeurchey the pandemonium lord
 78555 | Zig:19   | Noticed Cett the pandemonium lord
 78556 | Zig:19   | Killed Rirootiru the pandemonium lord
 78557 | Zig:19   | Killed Hatopn the pandemonium lord
 78559 | Zig:19   | Killed Noanikihie the pandemonium lord
 78559 | Zig:19   | Killed Iqixayxo the pandemonium lord
 78560 | Zig:19   | Killed Cett the pandemonium lord
 78563 | Zig:19   | Noticed Noigirink the pandemonium lord
 78563 | Zig:19   | Noticed Kygothrin the pandemonium lord
 78565 | Zig:19   | Killed Noigirink the pandemonium lord
 78566 | Zig:19   | Killed Kygothrin the pandemonium lord
 78812 | Zig:19   | Identified Okech's Reference Book on Lucky Arcane Weapons
 78831 | Zig:19   | Identified Hermeneutics, Part Three
 78842 | Zig:20   | Entered Level 20 of a ziggurat
 78868 | Zig:20   | Noticed Tiacot the pandemonium lord
 78874 | Zig:20   | Killed Tiacot the pandemonium lord
 79015 | Zig:20   | Got a bound copper ring
 79016 | Zig:20   | Identified the ring "Mowur" {rF+ rN+ MP+9 Str-5 SInv} (You
                  | found it on level 20 of a ziggurat)
 79040 | Zig:20   | Got a pair of slimy boots
 79051 | Zig:20   | Identified the +2 pair of boots of Ruogh {+Blink Str-3
                  | Dex+8 Stlth+} (You found it on level 20 of a ziggurat)
 79053 | Zig:20   | Identified the Grimoire of Battle Magic
 79060 | Zig:21   | Entered Level 21 of a ziggurat
 79109 | Zig:21   | Identified Vunluts's Volume of Translocation and Stones
 79154 | Zig:22   | Entered Level 22 of a ziggurat
 79170 | Zig:22   | Noticed an ancient lich
 79174 | Zig:22   | Killed an ancient lich
 79174 | Zig:22   | Reached skill level 5 in Translocations
 79174 | Zig:22   | Noticed an ancient lich
 79176 | Zig:22   | Killed an ancient lich
 79176 | Zig:22   | Noticed an ancient lich
 79178 | Zig:22   | Killed an ancient lich
 79290 | Zig:22   | Got a pitted copper ring
 79292 | Zig:22   | Identified the ring of the Sixty-Six Lovers {Str+3 Dex+7
                  | Stlth+} (You found it on level 22 of a ziggurat)
 79296 | Zig:22   | Got a shimmering lapis lazuli ring
 79297 | Zig:22   | Identified the ring of Sovereignty {Fire Slay+2 SInv} (You
                  | found it on level 22 of a ziggurat)
 79315 | Zig:23   | Entered Level 23 of a ziggurat
 79472 | Zig:23   | Identified Vauckoej's Handbook of Changing and Envenoming
 79503 | Zig:23   | Got a sparkling marble ring
 79504 | Zig:23   | Identified the ring of the Little Devil {rF+ EV+1} (You
                  | found it on level 23 of a ziggurat)
 79520 | Zig:24   | Entered Level 24 of a ziggurat
 79653 | Zig:24   | Identified the Incunabulum of Flamy Transmigration
 79667 | Zig:24   | Got a crude pewter amulet
 79668 | Zig:24   | Identified the amulet "Cenirgh" {Gourm *Drain Str+3 Dex+7}
                  | (You found it on level 24 of a ziggurat)
 79671 | Zig:24   | Got a bound jade ring
 79672 | Zig:24   | Identified the ring "Wabiral" {Wiz rElec rF+} (You found it
                  | on level 24 of a ziggurat)
 79679 | Zig:25   | Entered Level 25 of a ziggurat
 79694 | Zig:25   | Noticed an ancient lich
 79701 | Zig:25   | Killed an ancient lich
 79724 | Zig:25   | Reached skill level 10 in Translocations
 79825 | Zig:25   | Identified the Almanac of Enchanting Intoxication
 79827 | Zig:25   | Identified the Volume of the Barracuda
 79851 | Zig:25   | Learned a level 8 spell: Necromutation
 79877 | Zig:26   | Entered Level 26 of a ziggurat
 79895 | Zig:26   | Noticed a juggernaut
 79897 | Zig:26   | Noticed a juggernaut
 79897 | Zig:26   | Noticed a juggernaut
 79897 | Zig:26   | Noticed a juggernaut
 79897 | Zig:26   | Noticed a juggernaut
 79897 | Zig:26   | Noticed a juggernaut
 79897 | Zig:26   | Noticed a juggernaut
 79897 | Zig:26   | Noticed a juggernaut
 79897 | Zig:26   | Noticed a juggernaut
 79898 | Zig:26   | Noticed a juggernaut
 79899 | Zig:26   | Killed a juggernaut
 79899 | Zig:26   | Killed a juggernaut
 79899 | Zig:26   | Killed a juggernaut
 79899 | Zig:26   | Killed a juggernaut
 79899 | Zig:26   | Killed a juggernaut
 79899 | Zig:26   | Killed a juggernaut
 79899 | Zig:26   | Killed a juggernaut
 79900 | Zig:26   | Killed a juggernaut
 79900 | Zig:26   | Killed a juggernaut
 79900 | Zig:26   | Killed a juggernaut
 79902 | Zig:26   | Noticed a juggernaut
 79903 | Zig:26   | Killed a juggernaut
 80151 | Zig:27   | Entered Level 27 of a ziggurat
 80171 | Zig:27   | Noticed Sity the pandemonium lord
 80176 | Zig:27   | Killed Sity the pandemonium lord
 80176 | Zig:27   | Noticed Textiats the pandemonium lord
 80182 | Zig:27   | Killed Textiats the pandemonium lord
 80184 | Zig:27   | Noticed Lutios the pandemonium lord
 80185 | Zig:27   | Noticed Sukoar the pandemonium lord
 80186 | Zig:27   | Noticed Nuer Jeo the pandemonium lord
 80186 | Zig:27   | Noticed Fyighaun the pandemonium lord
 80187 | Zig:27   | Noticed Fodghuema the pandemonium lord
 80188 | Zig:27   | Killed Fyighaun the pandemonium lord
 80188 | Zig:27   | Noticed Pikkopp the pandemonium lord
 80188 | Zig:27   | Noticed Iniupp the pandemonium lord
 80190 | Zig:27   | Noticed Ulyudiov the pandemonium lord
 80190 | Zig:27   | Noticed Lates the pandemonium lord
 80190 | Zig:27   | Noticed Qaanwy the pandemonium lord
 80191 | Zig:27   | Killed Fodghuema the pandemonium lord
 80191 | Zig:27   | Noticed Dele the pandemonium lord
 80191 | Zig:27   | Noticed Jaihan the pandemonium lord
 80191 | Zig:27   | Noticed Daqofaro the pandemonium lord
 80192 | Zig:27   | Killed Lutios the pandemonium lord
 80192 | Zig:27   | Killed Sukoar the pandemonium lord
 80192 | Zig:27   | Killed Nuer Jeo the pandemonium lord
 80192 | Zig:27   | Noticed Osharude the pandemonium lord
 80192 | Zig:27   | Noticed Famaotae the pandemonium lord
 80193 | Zig:27   | Noticed Gearees the pandemonium lord
 80194 | Zig:27   | Killed Ulyudiov the pandemonium lord
 80194 | Zig:27   | Killed Famaotae the pandemonium lord
 80195 | Zig:27   | Killed Iniupp the pandemonium lord
 80195 | Zig:27   | Killed Pikkopp the pandemonium lord
 80200 | Zig:27   | Killed Dele the pandemonium lord
 80202 | Zig:27   | Killed Qaanwy the pandemonium lord
 80202 | Zig:27   | Killed Jaihan the pandemonium lord
 80202 | Zig:27   | Killed Daqofaro the pandemonium lord
 80204 | Zig:27   | Noticed Pekluewi the pandemonium lord
 80208 | Zig:27   | Killed Lates the pandemonium lord
 80209 | Zig:27   | Killed Osharude the pandemonium lord
 80210 | Zig:27   | Killed Gearees the pandemonium lord
 80211 | Zig:27   | Killed Pekluewi the pandemonium lord
 80215 | Zig:27   | Noticed Ruots the pandemonium lord
 80216 | Zig:27   | Noticed Yweas the pandemonium lord
 80216 | Zig:27   | Noticed Buroahif the pandemonium lord
 80218 | Zig:27   | Killed Yweas the pandemonium lord
 80219 | Zig:27   | Killed Ruots the pandemonium lord
 80219 | Zig:27   | Killed Buroahif the pandemonium lord
 80219 | Zig:27   | Noticed Waricoti the pandemonium lord
 80221 | Zig:27   | Noticed Affiusob the pandemonium lord
 80221 | Zig:27   | Noticed Ebuq the pandemonium lord
 80221 | Zig:27   | Noticed Okkisch the pandemonium lord
 80222 | Zig:27   | Killed Waricoti the pandemonium lord
 80223 | Zig:27   | Killed Ebuq the pandemonium lord
 80224 | Zig:27   | Killed Okkisch the pandemonium lord
 80224 | Zig:27   | Killed Affiusob the pandemonium lord
 80225 | Zig:27   | Noticed Hicho the pandemonium lord
 80227 | Zig:27   | Killed Hicho the pandemonium lord
 80376 | Zig:27   | Got a faintly glowing tin ring
 80377 | Zig:27   | Identified the ring "Aqesocwa" {+Fly rC+ Str+3 Dex+5} (You
                  | found it on level 27 of a ziggurat)
 80380 | Zig:27   | Got a scorched turquoise ring
 80381 | Zig:27   | Identified the ring of Fientig {*Tele Int+2} (You found it
                  | on level 27 of a ziggurat)
 80388 | Zig:27   | Identified the Papyrus of Hexes
 80544 | Zig:1    | Entered Level 1 of a ziggurat
 80689 | Zig:2    | Entered Level 2 of a ziggurat
 80720 | Zig:3    | Entered Level 3 of a ziggurat
 80851 | Zig:4    | Entered Level 4 of a ziggurat
 80897 | Zig:5    | Entered Level 5 of a ziggurat
 80902 | Zig:5    | Found the ring of Phasing {EV+8}
 80903 | Zig:5    | Reached skill level 1 in Necromancy
 81046 | Zig:6    | Entered Level 6 of a ziggurat
 81284 | Zig:6    | Got a faintly glowing large shield
 81295 | Zig:6    | Identified the +7 large shield of New Discoveries {rN+
                  | Str-3 Dex+6} (You found it on level 6 of a ziggurat)
 81309 | Zig:7    | Entered Level 7 of a ziggurat
 81358 | Zig:7    | Identified Wooh Tyneich's Collected Works on Burning
                  | Intoxication
 81385 | Zig:8    | Entered Level 8 of a ziggurat
 81581 | Zig:9    | Entered Level 9 of a ziggurat
 81664 | Zig:10   | Entered Level 10 of a ziggurat
 81734 | Zig:10   | Reached skill level 5 in Necromancy
 81743 | Zig:11   | Entered Level 11 of a ziggurat
 81745 | Zig:11   | Noticed a greater mummy
 81746 | Zig:11   | Noticed a greater mummy
 81747 | Zig:11   | Reached skill level 27 in Spellcasting
 81749 | Zig:11   | Killed a greater mummy
 81750 | Zig:11   | Killed a greater mummy
 81751 | Zig:11   | Noticed a greater mummy
 81751 | Zig:11   | Noticed a greater mummy
 81753 | Zig:11   | Killed a greater mummy
 81753 | Zig:11   | Killed a greater mummy
 81952 | Zig:11   | Identified the +0 robe of the Kraken {Regen+ rCorr} (You
                  | found it on level 11 of a ziggurat)
 81954 | Zig:11   | Got a vibrating zirconium amulet
 81955 | Zig:11   | Identified the amulet of Veogiefo {Inacc rC+} (You found it
                  | on level 11 of a ziggurat)
 81967 | Zig:12   | Entered Level 12 of a ziggurat
 82105 | Zig:12   | Got a twitching brass amulet
 82106 | Zig:12   | Identified the amulet of Peim {Acrobat rN+ SInv} (You found
                  | it on level 12 of a ziggurat)
 82110 | Zig:12   | Got a shimmering wooden ring
 82111 | Zig:12   | Identified the ring "Nakiun" {Str+2 Stlth-} (You found it
                  | on level 12 of a ziggurat)
 82118 | Zig:12   | Got a fine silver amulet
 82119 | Zig:12   | Identified the amulet "Gompuo" {Reflect +Fly rC+ Int+4
                  | SH+5} (You found it on level 12 of a ziggurat)
 82131 | Zig:13   | Entered Level 13 of a ziggurat
 82148 | Zig:13   | Reached skill level 15 in Translocations
 82361 | Zig:13   | Got a crude ivory ring
 82362 | Zig:13   | Identified the ring "Ibbi" {rElec rC++ MR+ Stlth-} (You
                  | found it on level 13 of a ziggurat)
 82365 | Zig:13   | Identified the Almanac of Poison and Sinister Arts
 82382 | Zig:14   | Entered Level 14 of a ziggurat
 82548 | Zig:14   | Identified the Catalogue of Mutagenic Hexes
 82568 | Zig:15   | Entered Level 15 of a ziggurat
 82582 | Zig:15   | Noticed an ancient lich
 82586 | Zig:15   | Killed an ancient lich
 82586 | Zig:15   | Reached skill level 10 in Necromancy
 82628 | Zig:15   | Found the +3 Elemental Staff {rElec rF++ rC++ MR++ AC+5}
 82639 | Zig:15   | Identified the Grimoire of Transmutation and the Birds
 82644 | Zig:15   | Got an ancient bone ring
 82645 | Zig:15   | Identified the ring of the Median {rCorr Str+5 Int+4} (You
                  | found it on level 15 of a ziggurat)
 82647 | Zig:15   | Identified Qurev's Incunabulum of Unstable Confrontation
 82670 | Zig:16   | Entered Level 16 of a ziggurat
 82678 | Zig:16   | Noticed a juggernaut
 82683 | Zig:16   | Noticed a juggernaut
 82685 | Zig:16   | Killed a juggernaut
 82685 | Zig:16   | Noticed a juggernaut
 82686 | Zig:16   | Killed a juggernaut
 82691 | Zig:16   | Killed a juggernaut
 82838 | Zig:16   | Identified the Handbook of Creative Feathers
 82851 | Zig:16   | Identified Enog's Papyrus of Fatigue
 82856 | Zig:17   | Entered Level 17 of a ziggurat
 82963 | Zig:17   | Found the +7 captain's cutlass {speed, disarm}
 83011 | Zig:17   | Got a clouded iron ring
 83012 | Zig:17   | Identified the ring of the Prince of Darkness {Fire Stlth+}
                  | (You found it on level 17 of a ziggurat)
 83015 | Zig:17   | Identified the Disquisition on Flames and Boosts
 83019 | Zig:17   | Got an ancient lead ring
 83020 | Zig:17   | Identified the ring "Ibboawyss" {rPois Dex+5 SInv} (You
                  | found it on level 17 of a ziggurat)
 83026 | Zig:18   | Entered Level 18 of a ziggurat
 83043 | Zig:18   | Noticed an ancient lich
 83043 | Zig:18   | Noticed an ancient lich
 83044 | Zig:18   | Noticed an ancient lich
 83046 | Zig:18   | Killed an ancient lich
 83046 | Zig:18   | Killed an ancient lich
 83046 | Zig:18   | Reached skill level 27 in Fighting
 83047 | Zig:18   | Killed an ancient lich
 83305 | Zig:18   | Got a scintillating amber ring
 83306 | Zig:18   | Identified the ring of Qek Venoj {rF+ SInv} (You found it
                  | on level 18 of a ziggurat)
 83329 | Zig:19   | Entered Level 19 of a ziggurat
 83348 | Zig:19   | Noticed an ancient lich
 83348 | Zig:19   | Noticed an ancient lich
 83351 | Zig:19   | Killed an ancient lich
 83351 | Zig:19   | Killed an ancient lich
 83352 | Zig:19   | Noticed an ancient lich
 83352 | Zig:19   | Noticed an ancient lich
 83353 | Zig:19   | Killed an ancient lich
 83354 | Zig:19   | Killed an ancient lich
 83355 | Zig:19   | Reached skill level 15 in Necromancy
 83441 | Zig:19   | Found the +8 storm bow {elec, penet}
 83461 | Zig:20   | Entered Level 20 of a ziggurat
 83481 | Zig:20   | Noticed an ancient lich
 83481 | Zig:20   | Noticed an ancient lich
 83482 | Zig:20   | Noticed an ancient lich
 83484 | Zig:20   | Killed an ancient lich
 83484 | Zig:20   | Noticed an ancient lich
 83484 | Zig:20   | Noticed an ancient lich
 83487 | Zig:20   | Noticed an ancient lich
 83487 | Zig:20   | Killed an ancient lich
 83488 | Zig:20   | Killed an ancient lich
 83488 | Zig:20   | Killed an ancient lich
 83488 | Zig:20   | Killed an ancient lich
 83489 | Zig:20   | Killed an ancient lich
 83495 | Zig:20   | Noticed an ancient lich
 83511 | Zig:20   | Killed an ancient lich
 83573 | Zig:20   | Found the ring of Shadows {Umbra +Inv Stlth+}
 83616 | Zig:20   | Got a smoking lapis lazuli ring
 83617 | Zig:20   | Identified the ring "Nozxemaq" {rPois rF+ rC+} (You found
                  | it on level 20 of a ziggurat)
 83628 | Zig:20   | Identified the Tome of Dusty Enchantment
 83667 | Zig:20   | Learned a level 8 spell: Discord
 83668 | Zig:21   | Entered Level 21 of a ziggurat
 83707 | Zig:21   | Found the +2 hat of the Bear Spirit {Spirit, +Rage rN+
                  | MR++}
 83796 | Zig:21   | Found the amulet of the Four Winds {rN+ MR+++ Clar}
 83821 | Zig:21   | Got a heavily runed brass ring
 83822 | Zig:21   | Identified the cursed ring "Enaru" {+Blink Str-2 Dex+4
                  | Stlth+} (You found it on level 21 of a ziggurat)
 83847 | Zig:21   | Got a pitted pewter ring
 83848 | Zig:21   | Identified the ring of Jesyh {MR+ Str+2} (You found it on
                  | level 21 of a ziggurat)
 83873 | Zig:22   | Entered Level 22 of a ziggurat
 84113 | Zig:22   | Got a smoking amethyst amulet
 84114 | Zig:22   | Identified the amulet "Inuhy" {Gourm -Tele rPois MR- Int+9}
                  | (You found it on level 22 of a ziggurat)
 84163 | Zig:23   | Entered Level 23 of a ziggurat
 84198 | Zig:23   | Reached skill level 10 in Throwing
 84248 | Zig:23   | Found the +8 Wrath of Trog {antimagic, *Rage}
 84282 | Zig:23   | Identified the Grimoire of Shape Shifting and Talismans
 84326 | Zig:24   | Entered Level 24 of a ziggurat
 84464 | Zig:24   | Found the amulet of Vitality {Regen+ HP+15}
 84464 | Zig:24   | Found the +11 plutonium sword {*Contam Stlth-}
 84465 | Zig:24   | Found the +9 heavy crossbow "Sniper" {velocity, Acc+∞ SInv}
 84476 | Zig:24   | Identified Goohu's Compendium of Supportive Heat
 84478 | Zig:24   | Identified the Collected Works on Unholy Rites and
                  | Malediction
 84493 | Zig:24   | Got a pitted bone ring
 84494 | Zig:24   | Identified the ring of Tahugoar {*Tele MP+9} (You found it
                  | on level 24 of a ziggurat)
 84498 | Zig:24   | Got a serpentine lapis lazuli ring
 84499 | Zig:24   | Identified the ring of Booh {Fire +Blink Int-3 Slay+2} (You
                  | found it on level 24 of a ziggurat)
 84527 | Zig:24   | Got a wavering marble ring
 84528 | Zig:24   | Identified the ring of the Enemy {Int+3 SInv} (You found it
                  | on level 24 of a ziggurat)
 84543 | Zig:25   | Entered Level 25 of a ziggurat
 84717 | Zig:25   | Identified Imydacag's Grimoire of Dislocation
 84788 | Zig:25   | Identified the amulet of Otemip {+Rage rPois rF+ Int-2
                  | Dex+6} (You found it on level 25 of a ziggurat)
 84799 | Zig:26   | Entered Level 26 of a ziggurat
 84832 | Zig:26   | Reached skill level 15 in Throwing
 84911 | Zig:26   | Identified the ring of the Princeling {MR+ Int+2} (You
                  | found it on level 26 of a ziggurat)
 84934 | Zig:27   | Entered Level 27 of a ziggurat
 84967 | Zig:27   | Reached skill level 10 in Armour
 85217 | Zig:27   | Got a pitted hat
 85223 | Zig:27   | Identified the cursed +0 hat of Trial and Error {*Slow rF+
                  | Dex+6} (You found it on level 27 of a ziggurat)
 85258 | Zig:27   | Identified the Grimoire of the Stoat
 85555 | Zig:1    | Entered Level 1 of a ziggurat
 85723 | Zig:2    | Entered Level 2 of a ziggurat
 85763 | Zig:3    | Entered Level 3 of a ziggurat
 85765 | Zig:3    | Reached skill level 1 in Hexes
 85789 | Zig:3    | Identified the Grimoire of Sinister Rites and Fire
 85796 | Zig:4    | Entered Level 4 of a ziggurat
 86047 | Zig:5    | Entered Level 5 of a ziggurat
 86052 | Zig:5    | Noticed an ancient lich
 86055 | Zig:5    | Killed an ancient lich
 86087 | Zig:5    | Reached skill level 5 in Hexes
 86104 | Zig:6    | Entered Level 6 of a ziggurat
 86194 | Zig:6    | Got a wavering bone ring
 86195 | Zig:6    | Identified the ring of Juboq {*Drain rElec rF+ rN++ Dex+5}
                  | (You found it on level 6 of a ziggurat)
 86205 | Zig:6    | Got a transparent amethyst amulet
 86206 | Zig:6    | Identified the amulet of Ucwuetua {Gourm rElec rN+} (You
                  | found it on level 6 of a ziggurat)
 86210 | Zig:7    | Entered Level 7 of a ziggurat
 86671 | Zig:8    | Entered Level 8 of a ziggurat
 86760 | Zig:8    | Identified the Grimoire of Earth and Boosts
 86774 | Zig:9    | Entered Level 9 of a ziggurat
 86779 | Zig:9    | Noticed a juggernaut
 86784 | Zig:9    | Killed a juggernaut
 87012 | Zig:10   | Entered Level 10 of a ziggurat
 87113 | Zig:11   | Entered Level 11 of a ziggurat
 87127 | Zig:11   | Reached skill level 15 in Armour
 87245 | Zig:11   | Identified Sif Muna's Almanac of Doomed Summoning
 87250 | Zig:12   | Entered Level 12 of a ziggurat
 87264 | Zig:12   | Reached skill level 10 in Hexes
 87419 | Zig:13   | Entered Level 13 of a ziggurat
 87429 | Zig:13   | Noticed Xazuir the pandemonium lord
 87433 | Zig:13   | Killed Xazuir the pandemonium lord
 87468 | Zig:13   | Found the ring of the Octopus King
 87529 | Zig:13   | Got a ring of the Octopus King
 87532 | Zig:13   | Got a flickering jade ring
 87533 | Zig:13   | Identified the ring "Butseocev" {rF+ Str+3} (You found it
                  | on level 13 of a ziggurat)
 87540 | Zig:14   | Entered Level 14 of a ziggurat
 87553 | Zig:14   | Noticed an ancient lich
 87553 | Zig:14   | Noticed an ancient lich
 87556 | Zig:14   | Killed an ancient lich
 87556 | Zig:14   | Killed an ancient lich
 87556 | Zig:14   | Reached skill level 15 in Hexes
 87568 | Zig:14   | Found the +8 frozen axe "Frostbite" {freezing cloud, *Noise
                  | +Fly rC+}
 87674 | Zig:14   | Got a vibrating steel ring
 87675 | Zig:14   | Identified the ring "Yrhunohu" {+Inv rElec rC+ Slay+1} (You
                  | found it on level 14 of a ziggurat)
 87679 | Zig:15   | Entered Level 15 of a ziggurat
 87696 | Zig:15   | Noticed Ukocol the pandemonium lord
 87698 | Zig:15   | Killed Ukocol the pandemonium lord
 87770 | Zig:15   | Identified the Papyrus of the Equator
 87774 | Zig:15   | Identified the Compendium of the Oath
 87783 | Zig:16   | Entered Level 16 of a ziggurat
 87818 | Zig:16   | Found the +8 whip "Snakebite" {curare, rPois}
 87998 | Zig:16   | Got a brightly glowing tin ring
 87999 | Zig:16   | Identified the ring of Wati {Ice rPois} (You found it on
                  | level 16 of a ziggurat)
 88028 | Zig:17   | Entered Level 17 of a ziggurat
 88303 | Zig:17   | Got a scintillating bone ring
 88304 | Zig:17   | Identified the ring "Kuhif" {MP+9 Dex+5} (You found it on
                  | level 17 of a ziggurat)
 88316 | Zig:17   | Got a coiled bronze ring
 88317 | Zig:17   | Identified the ring "Umuamit" {rF+ AC+2 Stlth+} (You found
                  | it on level 17 of a ziggurat)
 88324 | Zig:18   | Entered Level 18 of a ziggurat
 88336 | Zig:18   | Noticed an ancient lich
 88336 | Zig:18   | Noticed an ancient lich
 88336 | Zig:18   | Noticed an ancient lich
 88336 | Zig:18   | Noticed an ancient lich
 88336 | Zig:18   | Noticed an ancient lich
 88337 | Zig:18   | Killed an ancient lich
 88337 | Zig:18   | Killed an ancient lich
 88338 | Zig:18   | Killed an ancient lich
 88338 | Zig:18   | Killed an ancient lich
 88338 | Zig:18   | Killed an ancient lich
 88339 | Zig:18   | Noticed an ancient lich
 88340 | Zig:18   | Killed an ancient lich
 88342 | Zig:18   | Noticed an ancient lich
 88344 | Zig:18   | Killed an ancient lich
 88436 | Zig:18   | Got a pitted graven amulet
 88437 | Zig:18   | Identified the amulet of Ugrahumu {rC+++ Regen+ Str+4 Dex-4
                  | Slay+3} (You found it on level 18 of a ziggurat)
 88441 | Zig:18   | Got a slimy lead ring
 88442 | Zig:18   | Identified the ring "Umnum" {Ice Int+7 Dex+3 Stlth-} (You
                  | found it on level 18 of a ziggurat)
 88447 | Zig:19   | Entered Level 19 of a ziggurat
 88470 | Zig:19   | Noticed Sydir the pandemonium lord
 88477 | Zig:19   | Killed Sydir the pandemonium lord
 88761 | Zig:19   | Got a pitted golden ring
 88762 | Zig:19   | Identified the ring of Cioclual {MP+9 Dex+4 Slay+2} (You
                  | found it on level 19 of a ziggurat)
 88779 | Zig:20   | Entered Level 20 of a ziggurat
 88987 | Zig:20   | Identified the Volume of Harmful Stolen Souls
 89002 | Zig:20   | Identified the Handbook of the Snowflakes
 89008 | Zig:20   | Got an ancient emerald amulet
 89018 | Zig:20   | Reached skill level 10 in Stealth
 89032 | Zig:20   | Got a faintly glowing silver ring
 89034 | Zig:20   | Identified the ring "Xuggipo" {Wiz *Corrode MR+ Int+7} (You
                  | found it on level 20 of a ziggurat)
 89219 | Zig:21   | Entered Level 21 of a ziggurat
 89233 | Zig:21   | Gained mutation: Potions are less effective at restoring
                  | your health. [a neqoxec]
 89275 | Zig:21   | Gained mutation: Potions are poor at restoring your health.
                  | [a neqoxec]
 89471 | Zig:21   | Got a crude silver ring
 89473 | Zig:21   | Identified the ring "Jakkiub" {rF+ MR+ Str+2 Int+4 Dex-5}
                  | (You found it on level 21 of a ziggurat)
 89483 | Zig:21   | Identified Giabbiez's Incunabulum of Stolen Souls
 89531 | Zig:22   | Entered Level 22 of a ziggurat
 89547 | Zig:22   | Noticed an ancient lich
 89547 | Zig:22   | Noticed an ancient lich
 89548 | Zig:22   | Noticed an ancient lich
 89549 | Zig:22   | Killed an ancient lich
 89549 | Zig:22   | Noticed an ancient lich
 89549 | Zig:22   | Noticed an ancient lich
 89550 | Zig:22   | Killed an ancient lich
 89550 | Zig:22   | Killed an ancient lich
 89550 | Zig:22   | Killed an ancient lich
 89550 | Zig:22   | Killed an ancient lich
 89552 | Zig:22   | Noticed an ancient lich
 89562 | Zig:22   | Noticed an ancient lich
 89563 | Zig:22   | Killed an ancient lich
 89564 | Zig:22   | Killed an ancient lich
 89565 | Zig:22   | Noticed an ancient lich
 89566 | Zig:22   | Noticed an ancient lich
 89570 | Zig:22   | Killed an ancient lich
 89570 | Zig:22   | Killed an ancient lich
 89719 | Zig:22   | Found the +4 robe of Augmentation {Str+4 Int+4 Dex+4}
 89728 | Zig:22   | Identified the Compendium of Ensnaring Feathers
 89743 | Zig:22   | Identified the Papyrus of Air and Transformation
 89765 | Zig:22   | Identified Paesoilo's Reference Book on the Entourage and
                  | Transmutation
 89782 | Zig:23   | Entered Level 23 of a ziggurat
 89940 | Zig:23   | Got a clouded silver amulet
 89944 | Zig:23   | Identified the amulet "Evvyf" {RegenMP Str+2} (You found it
                  | on level 23 of a ziggurat)
 89949 | Zig:23   | Identified the amulet of Hepliaklqana's Regard {Acrobat
                  | Fragile rN++ Str+6} (You found it on level 20 of a
                  | ziggurat)
 89954 | Zig:23   | Identified the Collected Works on Floating Creation
 89970 | Zig:23   | Got a smoking iron ring
 89972 | Zig:23   | Identified the ring of Liloff {rElec MR+ MP+9} (You found
                  | it on level 23 of a ziggurat)
 89984 | Zig:23   | Got a smoking ivory amulet
 90000 | Zig:24   | Entered Level 24 of a ziggurat
 90013 | Zig:24   | Noticed an ancient lich
 90015 | Zig:24   | Killed an ancient lich
 90081 | Zig:24   | Noticed a juggernaut
 90082 | Zig:24   | Noticed a juggernaut
 90084 | Zig:24   | Killed a juggernaut
 90084 | Zig:24   | Killed a juggernaut
 90085 | Zig:24   | Noticed a juggernaut
 90089 | Zig:24   | Killed a juggernaut
 90090 | Zig:24   | Noticed a juggernaut
 90094 | Zig:24   | Killed a juggernaut
 90206 | Zig:24   | Found the +7 sceptre of Torment {pain, torment}
 90217 | Zig:24   | Got a warped silver ring
 90219 | Zig:24   | Identified the ring of Liufoyts {Wiz Dex+2} (You found it
                  | on level 24 of a ziggurat)
 90222 | Zig:24   | Identified the Catalogue of Conjuration
 90228 | Zig:24   | Got a fine bone ring
 90229 | Zig:24   | Identified the ring of the City {rF+ rC+ Int-2 Dex+2 SInv}
                  | (You found it on level 24 of a ziggurat)
 90233 | Zig:24   | Got a glittering pewter ring
 90234 | Zig:24   | Identified the ring "Cupleb" {Wiz MR+ Int+4} (You found it
                  | on level 24 of a ziggurat)
 90244 | Zig:24   | Got a pair of bloodstained boots
 90255 | Zig:24   | Identified the +3 pair of boots of Bynoma {*Contam rF+
                  | Int+3 Slay+3} (You found it on level 24 of a ziggurat)
 90259 | Zig:24   | Identified the Catalogue of Blistering Enhancements
 90281 | Zig:25   | Entered Level 25 of a ziggurat
 90507 | Zig:25   | Identified the amulet "Geifinacui" {Reflect Int+2 SH+3}
                  | (You found it on level 23 of a ziggurat)
 90510 | Zig:26   | Entered Level 26 of a ziggurat
 90527 | Zig:26   | Noticed a greater mummy
 90527 | Zig:26   | Noticed a greater mummy
 90529 | Zig:26   | Noticed a greater mummy
 90529 | Zig:26   | Noticed a greater mummy
 90529 | Zig:26   | Noticed a greater mummy
 90530 | Zig:26   | Noticed a greater mummy
 90530 | Zig:26   | Noticed a greater mummy
 90530 | Zig:26   | Noticed a greater mummy
 90531 | Zig:26   | Killed a greater mummy
 90531 | Zig:26   | Killed a greater mummy
 90531 | Zig:26   | Killed a greater mummy
 90532 | Zig:26   | Killed a greater mummy
 90534 | Zig:26   | Killed a greater mummy
 90534 | Zig:26   | Killed a greater mummy
 90534 | Zig:26   | Noticed a greater mummy
 90534 | Zig:26   | Noticed a greater mummy
 90535 | Zig:26   | Killed a greater mummy
 90535 | Zig:26   | Noticed a greater mummy
 90537 | Zig:26   | Noticed a greater mummy
 90538 | Zig:26   | Killed a greater mummy
 90538 | Zig:26   | Killed a greater mummy
 90541 | Zig:26   | Killed a greater mummy
 90541 | Zig:26   | Reached skill level 27 in Ice Magic
 90542 | Zig:26   | Noticed a greater mummy
 90543 | Zig:26   | Killed a greater mummy
 90543 | Zig:26   | Noticed a greater mummy
 90543 | Zig:26   | Noticed a greater mummy
 90543 | Zig:26   | Noticed a greater mummy
 90544 | Zig:26   | Noticed a greater mummy
 90545 | Zig:26   | Killed a greater mummy
 90545 | Zig:26   | Killed a greater mummy
 90545 | Zig:26   | Killed a greater mummy
 90546 | Zig:26   | Noticed a greater mummy
 90546 | Zig:26   | Killed a greater mummy
 90546 | Zig:26   | Killed a greater mummy
 90546 | Zig:26   | Noticed a greater mummy
 90546 | Zig:26   | Noticed a greater mummy
 90546 | Zig:26   | Noticed a greater mummy
 90546 | Zig:26   | Noticed a greater mummy
 90547 | Zig:26   | Noticed a greater mummy
 90547 | Zig:26   | Noticed a greater mummy
 90547 | Zig:26   | Noticed a greater mummy
 90547 | Zig:26   | Noticed a greater mummy
 90547 | Zig:26   | Noticed a greater mummy
 90548 | Zig:26   | Killed a greater mummy
 90548 | Zig:26   | Killed a greater mummy
 90548 | Zig:26   | Killed a greater mummy
 90548 | Zig:26   | Killed a greater mummy
 90548 | Zig:26   | Killed a greater mummy
 90548 | Zig:26   | Killed a greater mummy
 90548 | Zig:26   | Killed a greater mummy
 90548 | Zig:26   | Killed a greater mummy
 90550 | Zig:26   | Reached skill level 27 in Earth Magic
 90551 | Zig:26   | Killed a greater mummy
 90551 | Zig:26   | Killed a greater mummy
 90552 | Zig:26   | Killed a greater mummy
 90555 | Zig:26   | Noticed a greater mummy
 90556 | Zig:26   | Killed a greater mummy
 90556 | Zig:26   | Killed a greater mummy
 90584 | Zig:26   | Gained mutation: Your body sometimes deteriorates upon
                  | taking damage. [mutagenic glow]
 90818 | Zig:26   | Lost mutation: You occasionally shout uncontrollably at
                  | your foes. [potion of mutation]
 90818 | Zig:26   | Lost mutation: You expend magic power (3 MP) to strengthen
                  | your wands. [potion of mutation]
 90818 | Zig:26   | Lost mutation: Your natural rate of healing is unusually
                  | fast. [potion of mutation]
 90818 | Zig:26   | Lost mutation: Your spells are a little harder to cast, but
                  | a little more powerful. [potion of mutation]
 90818 | Zig:26   | Gained mutation: You expend magic power (3 MP) to
                  | strengthen your wands. [potion of mutation]
 90819 | Zig:26   | Lost mutation: Potions are poor at restoring your health.
                  | [potion of mutation]
 90819 | Zig:26   | Lost mutation: You have a pair of small antennae on your
                  | head. [potion of mutation]
 90819 | Zig:26   | Gained mutation: Scrolls take you a little longer to read.
                  | [potion of mutation]
 90819 | Zig:26   | Gained mutation: You have a somewhat thin skeletal
                  | structure. (Dex +2, Stealth) [potion of mutation]
 90819 | Zig:26   | Gained mutation: You have a pair of small antennae on your
                  | head. [potion of mutation]
 90819 | Zig:26   | Gained mutation: You are agile. (Dex +2) [potion of
                  | mutation]
 90820 | Zig:26   | Lost mutation: Scrolls take you a little longer to read.
                  | [potion of mutation]
 90820 | Zig:26   | Lost mutation: You expend magic power (3 MP) to strengthen
                  | your wands. [potion of mutation]
 90820 | Zig:26   | Lost mutation: You are agile. (Dex +2) [potion of mutation]
 90820 | Zig:26   | Gained mutation: You expend magic power (3 MP) to
                  | strengthen your wands. [potion of mutation]
 90820 | Zig:26   | Gained mutation: You are robust. (+10% HP) [potion of
                  | mutation]
 90820 | Zig:26   | Gained mutation: You are surrounded by a mild repulsion
                  | field. (EV +2) [potion of mutation]
 90821 | Zig:26   | Lost mutation: Potions are less effective at restoring your
                  | health. [potion of mutation]
 90821 | Zig:26   | Lost mutation: Your body sometimes deteriorates upon taking
                  | damage. [potion of mutation]
 90821 | Zig:26   | Gained mutation: You are clumsy. (Dex -2) [potion of
                  | mutation]
 90821 | Zig:26   | Gained mutation: You can translocate small distances at
                  | will. [potion of mutation]
 90865 | Zig:26   | Found the +2 Maxwell's thermic engine {flame, freeze}
 90865 | Zig:26   | Found the +12 Vampire's Tooth {vamp}
 90926 | Zig:26   | Identified Sif Muna's Volume of the Congealing Entourage
 90942 | Zig:27   | Entered Level 27 of a ziggurat
 90959 | Zig:27   | Noticed Veluth the pandemonium lord
 90960 | Zig:27   | Noticed Xyuter the pandemonium lord
 90960 | Zig:27   | Noticed Iwkoev the pandemonium lord
 90962 | Zig:27   | Noticed Teigukh the pandemonium lord
 90966 | Zig:27   | Killed Iwkoev the pandemonium lord
 90966 | Zig:27   | Noticed Wuvecs the pandemonium lord
 90967 | Zig:27   | Killed Veluth the pandemonium lord
 90968 | Zig:27   | Noticed Anoygulo the pandemonium lord
 90969 | Zig:27   | Killed Teigukh the pandemonium lord
 90969 | Zig:27   | Killed Wuvecs the pandemonium lord
 90971 | Zig:27   | Noticed Kulohowe the pandemonium lord
 90971 | Zig:27   | Noticed Pizekoum the pandemonium lord
 90972 | Zig:27   | Killed Anoygulo the pandemonium lord
 90972 | Zig:27   | Noticed Vawoam the pandemonium lord
 90974 | Zig:27   | Killed Pizekoum the pandemonium lord
 90975 | Zig:27   | Killed Vawoam the pandemonium lord
 90975 | Zig:27   | Reached skill level 27 in Hexes
 90975 | Zig:27   | Noticed Moegits the pandemonium lord
 90977 | Zig:27   | Killed Kulohowe the pandemonium lord
 90977 | Zig:27   | Killed Moegits the pandemonium lord
 90979 | Zig:27   | Killed Xyuter the pandemonium lord
 90979 | Zig:27   | Reached skill level 27 in Fire Magic
 90979 | Zig:27   | Noticed Eqychois the pandemonium lord
 90980 | Zig:27   | Killed Mocwek the pandemonium lord
 90980 | Zig:27   | Killed Jixtuo the pandemonium lord
 90980 | Zig:27   | Noticed Bosaq the pandemonium lord
 90981 | Zig:27   | Killed Zehuj the pandemonium lord
 90981 | Zig:27   | Killed Odulud the pandemonium lord
 90981 | Zig:27   | Killed Ziaxur the pandemonium lord
 90983 | Zig:27   | Killed Eqychois the pandemonium lord
 90983 | Zig:27   | Noticed Unin the pandemonium lord
 90985 | Zig:27   | Killed Bosaq the pandemonium lord
 90987 | Zig:27   | Noticed Kodiokk the pandemonium lord
 90989 | Zig:27   | Noticed Zeizojown the pandemonium lord
 90989 | Zig:27   | Killed Unin the pandemonium lord
 90990 | Zig:27   | Killed Kodiokk the pandemonium lord
 90991 | Zig:27   | Killed Zeizojown the pandemonium lord
 91010 | Zig:27   | Noticed Vazidul the pandemonium lord
 91014 | Zig:27   | Noticed Oredwum the pandemonium lord
 91019 | Zig:27   | Killed Vazidul the pandemonium lord
 91021 | Zig:27   | Killed Oredwum the pandemonium lord
 91022 | Zig:27   | Noticed Wiuxeh the pandemonium lord
 91023 | Zig:27   | Noticed Xitasol the pandemonium lord
 91026 | Zig:27   | Noticed Beiceroe the pandemonium lord
 91027 | Zig:27   | Noticed Yssoydumm the pandemonium lord
 91027 | Zig:27   | Noticed Ivvazak the pandemonium lord
 91031 | Zig:27   | Killed Wiuxeh the pandemonium lord
 91032 | Zig:27   | Killed Xitasol the pandemonium lord
 91033 | Zig:27   | Killed Yssoydumm the pandemonium lord
 91034 | Zig:27   | Killed Ivvazak the pandemonium lord
 91034 | Zig:27   | Killed Beiceroe the pandemonium lord
 91039 | Zig:27   | Noticed Radayxta the pandemonium lord
 91048 | Zig:27   | Noticed Eddiuwk the pandemonium lord
 91048 | Zig:27   | Noticed Haikkius the pandemonium lord
 91049 | Zig:27   | Noticed Vuviyna the pandemonium lord
 91050 | Zig:27   | Noticed Guil the pandemonium lord
 91052 | Zig:27   | Gained mutation: You occasionally shout uncontrollably at
                  | your foes. [a cacodemon]
 91059 | Zig:27   | Gained mutation: You tend to lose your temper in combat. [a
                  | cacodemon]
 91107 | Zig:27   | Killed Guil the pandemonium lord
 91112 | Zig:27   | Killed Vuviyna the pandemonium lord
 91124 | Zig:27   | Noticed Luvvaith the pandemonium lord
 91134 | Zig:27   | Killed Luvvaith the pandemonium lord
 91181 | Zig:27   | Killed Eddiuwk the pandemonium lord
 91199 | Zig:27   | Killed Radayxta the pandemonium lord
 91294 | Zig:27   | Killed Haikkius the pandemonium lord
 91573 | Zig:27   | Identified Dounkirghe's Volume of Rubbish
 91608 | D:15     | Lost mutation: You have a somewhat thin skeletal structure.
                  | (Dex +2, Stealth) [potion of mutation]
 91608 | D:15     | Lost mutation: You expend magic power (3 MP) to strengthen
                  | your wands. [potion of mutation]
 91608 | D:15     | Lost mutation: You tend to lose your temper in combat.
                  | [potion of mutation]
 91608 | D:15     | Gained mutation: Your natural rate of healing is unusually
                  | fast. [potion of mutation]
 91608 | D:15     | Gained mutation: You possess an exceptional clarity of
                  | mind. [potion of mutation]
 91623 | Zig:1    | Entered Level 1 of a ziggurat
 91846 | Zig:2    | Entered Level 2 of a ziggurat
 91886 | Zig:3    | Entered Level 3 of a ziggurat
 91888 | Zig:3    | Noticed a greater mummy
 91890 | Zig:3    | Killed a greater mummy
 92051 | Zig:4    | Entered Level 4 of a ziggurat
 92056 | Zig:4    | Noticed a greater mummy
 92058 | Zig:4    | Killed a greater mummy
 92255 | Zig:5    | Entered Level 5 of a ziggurat
 92256 | Zig:5    | Noticed a greater mummy
 92258 | Zig:5    | Noticed a greater mummy
 92258 | Zig:5    | Killed a greater mummy
 92400 | Zig:6    | Entered Level 6 of a ziggurat
 92405 | Zig:6    | Noticed Kefuiz the pandemonium lord
 92409 | Zig:6    | Killed Kefuiz the pandemonium lord
 92682 | Zig:7    | Entered Level 7 of a ziggurat
 92686 | Zig:7    | Noticed Zeaj the pandemonium lord
 92692 | Zig:7    | Killed Zeaj the pandemonium lord
 92817 | Zig:8    | Entered Level 8 of a ziggurat
 92824 | Zig:8    | Noticed an ancient lich
 92825 | Zig:8    | Reached skill level 27 in Conjurations
 92825 | Zig:8    | Killed an ancient lich
 93064 | Zig:8    | Got a slimy bone ring
 93065 | Zig:8    | Identified the ring of Untruth {*Tele rElec MP-9 Str+3}
                  | (You found it on level 8 of a ziggurat)
 93077 | Zig:9    | Entered Level 9 of a ziggurat
 93253 | Zig:10   | Entered Level 10 of a ziggurat
 93542 | Zig:11   | Entered Level 11 of a ziggurat
 93630 | Zig:11   | Got a glittering turquoise ring
 93631 | Zig:11   | Identified the ring "Abluhus" {rN+ MP+9} (You found it on
                  | level 11 of a ziggurat)
 93638 | Zig:12   | Entered Level 12 of a ziggurat
 93731 | Zig:13   | Entered Level 13 of a ziggurat
 93894 | Zig:13   | Got a slimy marble ring
 93895 | Zig:13   | Identified the ring "Goce" {rCorr *Contam rN+ Int+2 Dex+3}
                  | (You found it on level 13 of a ziggurat)
 93904 | Zig:14   | Entered Level 14 of a ziggurat
 93921 | Zig:14   | Reached skill level 27 in Dodging
 93966 | Zig:14   | Got a transparent copper amulet
 93967 | Zig:14   | Identified the amulet "Zemuril" {Spirit Str+2} (You found
                  | it on level 14 of a ziggurat)
 93970 | Zig:14   | Identified the Incunabulum of Igneous Confrontation
 94000 | Zig:15   | Entered Level 15 of a ziggurat
 94012 | Zig:15   | Noticed a greater mummy
 94013 | Zig:15   | Noticed a greater mummy
 94015 | Zig:15   | Noticed a greater mummy
 94016 | Zig:15   | Killed a greater mummy
 94016 | Zig:15   | Reached skill level 10 in Shields
 94016 | Zig:15   | Killed a greater mummy
 94018 | Zig:15   | Noticed a greater mummy
 94019 | Zig:15   | Killed a greater mummy
 94019 | Zig:15   | Killed a greater mummy
 94020 | Zig:15   | Killed a greater mummy
 94022 | Zig:15   | Noticed a greater mummy
 94023 | Zig:15   | Noticed a greater mummy
 94024 | Zig:15   | Killed a greater mummy
 94024 | Zig:15   | Noticed a greater mummy
 94025 | Zig:15   | Noticed a greater mummy
 94026 | Zig:15   | Killed a greater mummy
 94026 | Zig:15   | Killed a greater mummy
 94028 | Zig:15   | Noticed a greater mummy
 94029 | Zig:15   | Killed a greater mummy
 94031 | Zig:15   | Killed a greater mummy
 94065 | Zig:15   | Found the +0 sword of Power
 94138 | Zig:16   | Entered Level 16 of a ziggurat
 94152 | Zig:16   | Reached skill level 15 in Shields
 94331 | Zig:16   | Identified the Reference Book on Warped Beguiling
 94349 | Zig:16   | Got a slimy pewter amulet
 94350 | Zig:16   | Identified the amulet "Qomasutz" {Faith rElec Str+4} (You
                  | found it on level 16 of a ziggurat)
 94361 | Zig:16   | Identified the Grimoire of Supportive Displacement
 94372 | Zig:16   | Reached skill level 15 in Evocations
 94376 | Zig:17   | Entered Level 17 of a ziggurat
 94677 | Zig:17   | Identified the +0 pair of gloves "Fuch" {rPois Int-4
                  | Stlth+} (You found it on level 17 of a ziggurat)
 94680 | Zig:17   | Got a transparent copper amulet
 94681 | Zig:17   | Identified the amulet of Waonikk {rElec MR- Regen+ Str+2
                  | Int+2} (You found it on level 17 of a ziggurat)
 94687 | Zig:17   | Identified the Compendium of Unholy Magic and the Mountains
 94740 | Zig:18   | Entered Level 18 of a ziggurat
 94782 | Zig:18   | Noticed Utozumpy the pandemonium lord
 94786 | Zig:18   | Killed Utozumpy the pandemonium lord
 94792 | Zig:18   | Killed from afar by a Brimstone Fiend

Levels and vault maps discovered:
D:1:      wander_arrival_estate, layout_rooms, moated_statue, minivault_25
D:2:      layout_loops_ring, eino_tiny_chamber, grunt_ministairs_5,
          due_unseen_surprise, uniq_terence
D:3:      layout_rooms, ebering_ghost_disaster_area, roderic_serpentine_path
D:4:      layout_loops_ring, kennysheep_okawaru_gauntlet,
          minmay_temple_entry_mist, uniq_menkaure
D:5:      layout_loops_corners, first_ration, uniq_crazy_yiuf_cottage,
          uniq_blork_the_orc, uniq_duvessa, uniq_eustachio
D:6:      layout_loops_cross, serial_shops, nicolae_shop_crystal, shop, shop,
          nicolae_shop_temple_entry_statues_fountains, kennysheep_little_box,
          uniq_pikel
D:7:      layout_loops_corners
D:8:      layout_layer_cave
D:9:      layout_stronghold, fungi_pond_lemuel, uniq_erolcha
D:10:     layout_loops_cross, erik_orc_4, basic_altar
D:11:     layout_loops_ring, dpeg_oklobed_lair, tso_altar
D:12:     layout_gridville
D:13:     layout_basic, david_vaults_4, gauntlet_entry_generic
D:14:     layout_loops_corners, serial_shops,
          nicolae_shop_competitors_out_of_business, minmay_misc_feat_room,
          hangedman_pestilent_swarm, wad_hexagon
D:15:     grunt_enter_depths_hoard, layout_basic, basic_altar, uniq_kirke
Temple:   nicolae_temple_the_god_donut
Lair:1:   layout_cave_pods, cheibrodos_lair_reptile_den, grunt_megastairs_1
Lair:2:   layout_regular_city
Lair:3:   layout_gridlike
Lair:4:   gammafunk_mikee_crab_dinner, layout_loops_ring,
          minmay_shoals_entry_lonely_mermaid,
          minmay_snake_entry_guardpost_medium, basic_altar,
          grunt_forest_large_clearing_hut, infiniplex_staircase_pool
Lair:5:   layout_long_grid, nicolae_volcano_entry_batcave, guppyfry_lair_drakes
Lair:6:   minmay_lair_end_enchanted_forest, layout_regular_city, slime_dummy,
          st_stairs_10, grunt_megastairs_5
Shoals:1: layout_shoals, serial_shops, nicolae_shop_waterfront, shop_coins,
          nicolae_shop_statue_plus
Shoals:2: layout_shoals, nicolae_shoals_so_close, uniq_ilsuiw
Shoals:3: layout_shoals, uniq_polyphemus
Shoals:4: shoals_end_grunt_garden, layout_shoals, uniq_bai_suzhen
Snake:1:  layout_grid_maze, lemuel_fruit_tree, grunt_megastairs_3
Snake:2:  layout_onion, serial_bayou_crossing
Snake:3:  layout_basic, basic_altar
Snake:4:  snake_pit, layout_basic, nrook_loot_triangle
Slime:1:  layout_caves
Slime:2:  layout_caves
Slime:3:  layout_caves
Slime:4:  layout_caves
Slime:5
Orc:1:    layout_caves, portal_ice_cave_demonic_guard, serial_shops, uniq_snorg,
          uniq_urug
Orc:2:    st_orc_elflike, layout_diamond_mine, serial_shops, shop
Elf:1:    layout_gridlike, minmay_elf_demonology, patterned_corridor,
          uniq_asterion
Elf:2:    layout_rooms, serial_shops, shop
Elf:3:    minmay_elf_hall_statues, layout_loops_cross
Vaults:1: gammafunk_vaults_ghost_spectres, vaults_room_door_ring,
          hangedman_vaults_cutoff, hangedman_vaults_locks, v_misc_2,
          v_pattern_4, serial_ice_g, ontoclasm_vaults_ligature,
          nicolae_vaults_little_squares_3, nicolae_vaults_three_branches,
          vaults_dpeg_ring, layout_vaults_omnigrid, uniq_aizul
Vaults:2: v_misc_2, nicolae_vaults_big_angled_halls, hangedman_vaults_nodes,
          v_misc_19, v_misc_22, st_lines, hangedman_vaults_capsules,
          vaults_mumra_hexcomb, layout_vaults_ring, uniq_mara
Vaults:3: hangedman_vaults_hard_town_square, ontoclasm_vaults_fault,
          nicolae_vaults_big_ls, vaults_dpeg_hooks, ontoclasm_vaults_spin,
          blue_anna_dwarven_crypt, v_rooms_2, ontoclasm_vaults_loading_screen,
          vaults_dpeg_encased_lava, layout_vaults_big_room, uniq_saint_roka
Vaults:4: ontoclasm_vaults_bender, v_alt_pattern_3, ontoclasm_vaults_eye,
          ontoclasm_vaults_twist, hangedman_vaults_stretched_pinwheel,
          v_misc_14, v_misc_10, nicolae_vaults_little_squares_5, st_cells,
          layout_vaults_maze_snakey, serial_shops, shop, shop_statue
Vaults:5: serial_shops
Crypt:1:  layout_misc_corridors, gammafunk_ghost_spectres, grunt_ministairs_3,
          nicolae_crypt_small_crypt, grunt_crypt_arrival_split
Crypt:2:  layout_basic
Crypt:3:  david_glass_crypt, layout_gridlike,
          nicolae_tomb_entry_unfolded_pyramid_diagonal
Depths:1: layout_gridlike, hell_entry, hangedman_abyss_or_decor_stabs,
          rand_demon_pan_entry_7, hangedman_feature_mirror, minivault_22,
          st_stairs_1, drop_trap, minmay_guarded_unrand_robustness
Depths:2: gammafunk_the_bubble [the_bubble_gammafunk_grid], layout_cave_pools,
          special_room [special_room_mythical_zoo], hell_entry, serial_shops,
          shop, shop, nicolae_twisting_strands, minmay_misc_feat_plants,
          grunt_absolute_annihilation, firewood_loft,
          infiniplex_staircase_zigzag_1
Depths:3: minmay_quantized_circle, layout_small_grid, abyss_entry,
          hangedman_abyss_or_decor_lesser_grid, hell_entry, pan_entry,
          hangedman_abyss_or_decor_slice, skrybe_limestone_x
Depths:4: spriggan_forest, abyss_entry, hell_entry
Depths:5: evilmike_zot_entry_castle, layout_basic, serial_shops, shop,
          rand_demon_pan_entry_3, minmay_misc_feat_ornament, hell_entry,
          drop_trap, st_stairs_4, bh_walls_and_bars
Zot:1:    lemuel_acid_trip, layout_cathedral_of_symmetry
Zig:18

Skill      XL: |  1  2  3  4  5  6  7  8  9 10 11 12 13 14 15 16 17 18 19 20 21 22 23 24 25 26 27 |
---------------+----------------------------------------------------------------------------------+-----
Earth Magic    | 4 5 6 7 8 9 10 11 12 13 14 15 16 17 18 19 27 | 27.0
Spellcasting   | 3 4 5 6 7 8 9 10 11 12 13 14 15 16 17 27 | 27.0
Conjurations   | 1 2 3 4 5 6 7 8 9 10 11 12 13 14 15 16 27 | 27.0
Maces & Flails | 1 2 3 4 5 6 7 8 9 10 11 12 | 12.0
Fighting       | 1 2 3 5 6 7 8 9 10 11 12 13 14 15 16 17 27 | 27.0
Armour         | 1 2 3 5 6 15 | 15.1
Dodging        | 2 3 4 5 6 7 8 9 10 11 12 13 27 | 27.0
Evocations     | 1 2 3 4 5 6 18 | 18.3
Fire Magic     | 4 6 8 10 11 12 13 14 15 16 17 18 19 20 27 | 27.0
Shields        | 4 5 21 | 21.4
Polearms       | 2 4 6 7 8 9 10 12 | 12.0
Ice Magic      | 27 | 27.0
Translocations | 15 | 15.0
Necromancy     | 25 | 25.0
Throwing       | 15 | 15.0
Hexes          | 27 | 27.0
Stealth        | 13 | 13.5
Transmutations | |  0.7

Action                   |  1- 3 |  4- 6 |  7- 9 | 10-12 | 13-15 | 16-18 | 19-21 | 22-24 | 25-27 || total
-------------------------+-------+-------+-------+-------+-------+-------+-------+-------+-------++-------
Melee: Club              |   100 |     2 |       |       |       |       |       |       |       ||   102
       Staff             |       |    46 |   142 |   221 |   517 |   292 |   381 |   154 |   290 ||  2043
       Hand axe          |       |    50 |     6 |       |       |       |       |       |       ||    56
       Great sword       |       |       |       |       |    38 |       |       |       |       ||    38
       Lance             |       |       |       |       |       |       |       |    34 |  1052 ||  1086
Throw: Javelin           |       |       |       |       |       |     1 |       |       |       ||     1
       Stone             |       |       |       |       |       |       |     2 |     3 |     4 ||     9
       Throwing net      |       |       |       |       |       |       |     2 |       |       ||     2
 Cast: Sandblast         |    31 |    26 |    87 |   231 |   159 |    78 |    54 |    25 |     2 ||   693
       Stone Arrow       |     1 |     1 |    11 |    28 |   164 |    15 |     1 |     4 |     1 ||   226
       Passwall          |       |     2 |       |       |       |       |       |       |       ||     2
       Lee's Rapid Decon |       |       |     2 |    61 |    85 |    83 |    39 |    39 |    21 ||   330
       Irradiate         |       |       |       |       |     1 |       |       |       |       ||     1
       Fireball          |       |       |       |       |    71 |    54 |    39 |     3 |     1 ||   168
       Iron Shot         |       |       |       |       |    25 |   134 |   124 |    82 |   218 ||   583
       Mephitic Cloud    |       |       |       |       |     1 |       |       |       |       ||     1
       Bolt of Fire      |       |       |       |       |       |    52 |    73 |    60 |   200 ||   385
       Ignition          |       |       |       |       |       |     2 |    44 |    47 |   198 ||   291
       Shatter           |       |       |       |       |       |       |       |    24 |   232 ||   256
       Fire Storm        |       |       |       |       |       |       |       |       |   323 ||   323
       Glaciate          |       |       |       |       |       |       |       |       |   177 ||   177
       Discord           |       |       |       |       |       |       |       |       |    11 ||    11
       Controlled Blink  |       |       |       |       |       |       |       |       |     6 ||     6
       Necromutation     |       |       |       |       |       |       |       |       |     6 ||     6
 Abil: Fly               |       |       |       |       |     1 |       |       |       |       ||     1
       Evoke Invisibilit |       |       |       |       |       |       |       |       |    28 ||    28
       End Transformatio |       |       |       |       |       |       |       |       |     1 ||     1
Evoke: Wand              |       |       |       |    25 |    28 |     8 |     1 |       |     5 ||    67
       Box of beasts     |       |       |       |       |     5 |       |       |       |     2 ||     7
       Phantom mirror    |       |       |       |       |     1 |       |       |       |       ||     1
       Figurine of a zig |       |       |       |       |       |       |       |       |     3 ||     3
  Use: Scroll            |     5 |     6 |     8 |    16 |    19 |    20 |     9 |     4 |   123 ||   210
       Potion            |       |       |       |    13 |     4 |     2 |     2 |     2 |    90 ||   113
 Stab: Sleeping          |     2 |     3 |     3 |     4 |     4 |     1 |     2 |     2 |     4 ||    25
       Distracted        |       |       |     1 |       |     1 |     1 |       |     1 |    10 ||    14
       Invisible         |       |       |       |     1 |       |       |       |       |     2 ||     3
       Petrified         |       |       |       |       |     1 |       |       |       |       ||     1
       Confused          |       |       |       |       |     2 |       |       |       |       ||     2
  Eat: Chunk             |     2 |     8 |    15 |    28 |    47 |    57 |    38 |    32 |    54 ||   281
       Ration            |       |       |       |     4 |    11 |    16 |     5 |     4 |    26 ||    66
Armor: Robe              |    53 |    34 |    87 |   183 |   531 |   213 |   181 |    88 |   513 ||  1883
Dodge: Dodged            |   116 |    48 |   133 |   226 |   822 |   286 |   338 |   142 |   797 ||  2908
Block: Buckler           |       |       |       |       |       |    36 |   317 |   145 |   640 ||  1138
       Rpst.: Great sword |       |       |       |       |    25 |       |       |       |       ||    25

Table legend:
 A = Non-vault XP
 B = Vault XP
 C = Vault XP percentage of total XP
 D = Non-vault monster count
 E = Vault monster count
 F = Vault count percentage of total count
                 A         B        C        D         E       F
            +---------+---------+-------+---------+---------+-------
      Total | 6552160 |  818708 |  11.1 |    6256 |     919 |  12.8
            +---------+---------+-------+---------+---------+-------
        D:1 |      59 |       0 |   0.0 |      29 |       0 |   0.0
        D:2 |      34 |       2 |   5.6 |      15 |       2 |  11.8
        D:3 |      94 |     201 |  68.1 |      17 |       1 |   5.6
        D:4 |     377 |     179 |  32.2 |      15 |       3 |  16.7
        D:5 |     313 |     543 |  63.4 |      12 |       5 |  29.4
        D:6 |     909 |     641 |  41.4 |      30 |       1 |   3.2
        D:7 |     605 |       0 |   0.0 |      11 |       0 |   0.0
        D:8 |    1111 |       0 |   0.0 |      24 |       0 |   0.0
        D:9 |    1196 |    1027 |  46.2 |      30 |       1 |   3.2
       D:10 |    1445 |     563 |  28.0 |      26 |      18 |  40.9
       D:11 |    4729 |    1100 |  18.9 |      22 |       2 |   8.3
       D:12 |    9355 |       0 |   0.0 |      49 |       0 |   0.0
       D:13 |    5766 |    3924 |  40.5 |      32 |       5 |  13.5
       D:14 |    9423 |    3574 |  27.5 |      27 |       9 |  25.0
       D:15 |   11395 |    4403 |  27.9 |      30 |       5 |  14.3
     Lair:1 |    3349 |     985 |  22.7 |      14 |       3 |  17.6
     Lair:2 |    4287 |       0 |   0.0 |      20 |       0 |   0.0
     Lair:3 |    7895 |       0 |   0.0 |      31 |       0 |   0.0
     Lair:4 |    3249 |   13745 |  80.9 |       9 |      22 |  71.0
     Lair:5 |     384 |    1608 |  80.7 |       2 |       7 |  77.8
     Lair:6 |   14957 |   10740 |  41.8 |      35 |      46 |  56.8
   Shoals:1 |    4654 |       0 |   0.0 |      13 |       0 |   0.0
   Shoals:2 |   15896 |    3511 |  18.1 |      27 |       5 |  15.6
   Shoals:3 |   20619 |    5893 |  22.2 |      40 |       5 |  11.1
   Shoals:4 |   14677 |   25357 |  63.3 |      28 |      34 |  54.8
    Snake:1 |   14988 |     338 |   2.2 |      34 |       2 |   5.6
    Snake:2 |   23807 |       0 |   0.0 |      53 |       0 |   0.0
    Snake:3 |   22533 |       0 |   0.0 |      38 |       0 |   0.0
    Snake:4 |   13490 |   31403 |  70.0 |      25 |      43 |  63.2
    Slime:1 |   31062 |       0 |   0.0 |      79 |       0 |   0.0
    Slime:2 |   19968 |       0 |   0.0 |      28 |       0 |   0.0
    Slime:3 |   12069 |       0 |   0.0 |      21 |       0 |   0.0
    Slime:4 |    3157 |       0 |   0.0 |      13 |       0 |   0.0
    Slime:5 |    4375 |   38609 |  89.8 |       5 |      15 |  75.0
      Orc:1 |    3695 |    2694 |  42.2 |      38 |       4 |   9.5
      Orc:2 |    3785 |    8331 |  68.8 |      43 |      25 |  36.8
      Elf:1 |   12657 |    9175 |  42.0 |      20 |      11 |  35.5
      Elf:2 |   28146 |    1799 |   6.0 |      41 |       2 |   4.7
      Elf:3 |   24919 |   46286 |  65.0 |      36 |      30 |  45.5
   Vaults:1 |   30421 |   29162 |  48.9 |      49 |      46 |  48.4
   Vaults:2 |   56757 |   29315 |  34.1 |      87 |      24 |  21.6
   Vaults:3 |   36885 |   38143 |  50.8 |      59 |      52 |  46.8
   Vaults:4 |   20792 |   25780 |  55.4 |      37 |      22 |  37.3
   Vaults:5 |   45917 |  149806 |  76.5 |      59 |     103 |  63.6
    Crypt:1 |   30848 |   18301 |  37.2 |      46 |      15 |  24.6
    Crypt:2 |   13551 |       0 |   0.0 |      24 |       0 |   0.0
    Crypt:3 |   30725 |   32871 |  51.7 |      47 |      25 |  34.7
   Depths:1 |   45276 |   16836 |  27.1 |      59 |      18 |  23.4
   Depths:2 |   14639 |   67702 |  82.2 |      22 |      53 |  70.7
   Depths:3 |   22486 |   31494 |  58.3 |      25 |      23 |  47.9
   Depths:4 |    3565 |   67780 |  95.0 |      14 |     103 |  88.0
   Depths:5 |   69911 |   48925 |  41.2 |      48 |      40 |  45.5
      Zot:1 |   12353 |       0 |   0.0 |       7 |       0 |   0.0
    Abyss:3 |   12935 |       0 |   0.0 |      22 |       0 |   0.0
      Zig:1 |   10882 |       0 |   0.0 |      10 |       0 |   0.0
      Zig:2 |   15295 |    1957 |  11.3 |      25 |       4 |  13.8
      Zig:3 |   29086 |       0 |   0.0 |      45 |       0 |   0.0
      Zig:4 |   32175 |       0 |   0.0 |      49 |       0 |   0.0
      Zig:5 |   65793 |    5328 |   7.5 |      67 |       8 |  10.7
      Zig:6 |   85444 |       0 |   0.0 |      70 |       0 |   0.0
      Zig:7 |   98454 |       0 |   0.0 |      77 |       0 |   0.0
      Zig:8 |  104965 |    2407 |   2.2 |      93 |       4 |   4.1
      Zig:9 |   98670 |       0 |   0.0 |     129 |       0 |   0.0
     Zig:10 |  108985 |       0 |   0.0 |     119 |       0 |   0.0
     Zig:11 |  152535 |    2589 |   1.7 |     167 |       4 |   2.3
     Zig:12 |  148518 |       0 |   0.0 |     189 |       0 |   0.0
     Zig:13 |  180181 |       0 |   0.0 |     180 |       0 |   0.0
     Zig:14 |  223429 |       0 |   0.0 |     174 |       0 |   0.0
     Zig:15 |  285827 |       0 |   0.0 |     236 |       0 |   0.0
     Zig:16 |  226563 |    2068 |   0.9 |     246 |       4 |   1.6
     Zig:17 |  295636 |       0 |   0.0 |     252 |       0 |   0.0
     Zig:18 |  387437 |       0 |   0.0 |     195 |       0 |   0.0
     Zig:19 |  323680 |    3474 |   1.1 |     157 |       4 |   2.5
     Zig:20 |  273125 |       0 |   0.0 |     235 |       0 |   0.0
     Zig:21 |  204249 |       0 |   0.0 |     249 |       0 |   0.0
     Zig:22 |  352200 |       0 |   0.0 |     217 |       0 |   0.0
     Zig:23 |  317574 |       0 |   0.0 |     236 |       0 |   0.0
     Zig:24 |  246291 |   12433 |   4.8 |     293 |       4 |   1.3
     Zig:25 |  297150 |       0 |   0.0 |     255 |       0 |   0.0
     Zig:26 |  492348 |       0 |   0.0 |     366 |       0 |   0.0
     Zig:27 |  693178 |    2178 |   0.3 |     258 |       4 |   1.5
      IceCv |       0 |    4550 | 100.0 |       0 |      22 | 100.0
    Volcano |       0 |    4509 | 100.0 |       0 |      20 | 100.0
   Gauntlet |       0 |    4469 | 100.0 |       0 |      11 | 100.0
            +---------+---------+-------+---------+---------+-------
